Workbook

Sheet Hoja1
A2: TRANSMILENIO S.A
A3: SUBDIRECCIÓN DE INFRAESTRUCTURA
A4: DIRECCIÓN DE CONSTRUCCIONES Y MANTENIMIENTO
A5: OBJETO DE LA CONTRATACIÓN | B5: CONTRATAR LA INTERVENTORÍA PARA EL MEJORAMIENTO DE LOS PARADEROS DEL SISTEMA INTEGRADO DE TRANSPORTE PÚBLICO – SITP DE BOGOTÁ, A CARGO DE TRANSMILENIO S.A.
A7: PRESUPUESTO TOTAL (IVA INCLUIDO) | B7: 800000000
A9: DURACIÓN (MESES) | B9: 10
E11: FASE PRELIMINARES | H11: FASE EJECUCIÓN MEJORAMIENTO PARADEROS | N11: RECIBO | Q11: 1.86
A12: PERSONAL ESPECIALISTA, PROFESIONAL O DE APOYO, PARA OBRAS CIVILES/DESCRIPCIÓN | B12: CANTIDAD | C12: CATEGORÍA/UNIDAD | D12: VALOR H/MES SEGÚN CATEGORÍA/TARIFA | E12: MES 1 | F12: MES 2 | G12: MES 3 | H12: MES 4 | I12: MES 5 | J12: MES 6 | K12: MES 7 | L12: MES 8 | M12: MES 9 | N12: MES 10 | O12: TOTAL DEDICACIÓN FASE PRELIMINARES | P12: TOTAL DEDICACIÓN FASE EJECUCIÓN | Q12: FACTOR MULTIPLICADOR | R12: COSTO TOTAL HOMBRES ACTIVIDADES PREVIAS | S12: COSTO TOTAL HOMBRES ACTIVIDADES FASE EJECUCIÓN | T12: COSTO TOTAL HOMBRES ACTIVIDADES CONTRATO
A13: DIRECTOR/COORDINACIÓN / OBRA
A14: DIRECTOR DE INTERVENTORÍA | B14: 1 | C14: 6 | D14: =7287000*1.051 -> 7658637 | E14: 0.5 | F14: 0.5 | G14: 0.5 | H14: 0.5 | I14: 0.5 | J14: 0.5 | K14: 0.5 | L14: 0.5 | M14: 0.5 | N14: 0.35 | O14: =+SUM(E14:G14)*B14 -> 1.5 | P14: =+SUM(H14:N14)*B14 -> 3.35 | Q14: 2.23 | R14: =+(O14*D14)*Q14 -> 25618141 | S14: =(P14*D14)*Q14 -> 57213848 | T14: =+R14+S14 -> 82831988
A15: RESIDENTE DE INTERVENTORÍA | B15: 1 | C15: 8 | D15: =5200000*1.051 -> 5465200 | E15: 0.5 | F15: 0.5 | G15: 0.5 | H15: 1 | I15: 1 | J15: 1 | K15: 1 | L15: 1 | M15: 1 | N15: 1 | O15: =+SUM(E15:G15)*B15 -> 1.5 | P15: =+SUM(H15:N15)*B15 -> 7 | Q15: 2.23 | R15: =+(O15*D15)*Q15 -> 18281094 | S15: =(P15*D15)*Q15 -> 85311772 | T15: =+R15+S15 -> 103592866
A16: PROFESIONAL DE INTERVENTORÍA, COSTOS, PRESUPUESTOS Y PROGRAMACIÓN | B16: 1 | C16: 7 | D16: =5510000*1.051 -> 5791010 | E16: 0.2 | F16: 0.2 | G16: 0.2 | H16: 0.2 | I16: 0.2 | J16: 0.2 | K16: 0.2 | L16: 0.2 | M16: 0.2 | N16: 0.2 | O16: =+SUM(E16:G16)*B16 -> 0.6 | P16: =+SUM(H16:N16)*B16 -> 1.4 | Q16: 2.23 | R16: =+(O16*D16)*Q16 -> 7748371.4 | S16: =(P16*D16)*Q16 -> 18079533 | T16: =+R16+S16 -> 25827905
A17: ESPECIALISTAS Y/O PROFESIONALES
A18: ESPACIO PÚBLICO
A19: ESPECIALISTA EN ESPACIO PÚBLICO | B19: 1 | C19: 7 | D19: =5510000*1.051 -> 5791010 | E19: 0.2 | F19: 0.2 | G19: 0.2 | H19: 0.1 | I19: 0.1 | J19: 0.1 | K19: 0.1 | L19: 0.1 | M19: 0.1 | N19: 0.1 | O19: =+SUM(E19:G19)*B19 -> 0.6 | P19: =+SUM(H19:N19)*B19 -> 0.7 | Q19: 2.23 | R19: =+(O19*D19)*Q19 -> 7748371.4 | S19: =(P19*D19)*Q19 -> 9039766.6 | T19: =+R19+S19 -> 16788138
A20: TRÁNSITO Y TRANSPORTE
A21: ESPECIALISTA EN TRÁNSITO Y TRANSPORTE | B21: 1 | C21: 7 | D21: =5510000*1.051 -> 5791010 | E21: 0.2 | F21: 0.2 | G21: 0.2 | H21: 0.2 | I21: 0.2 | J21: 0.2 | K21: 0.2 | L21: 0.2 | M21: 0.2 | N21: 0.2 | O21: =+SUM(E21:G21)*B21 -> 0.6 | P21: =+SUM(H21:N21)*B21 -> 1.4 | Q21: 2.23 | R21: =+(O21*D21)*Q21 -> 7748371.4 | S21: =(P21*D21)*Q21 -> 18079533 | T21: =+R21+S21 -> 25827905
A22: GEOTECNIA Y PAVIMENTOS
A23: ESPECIALISTA EN GEOTECNICA Y PAVIMENTOS | B23: 1 | C23: 7 | D23: =5510000*1.051 -> 5791010 | E23: 0.1 | F23: 0.1 | G23: 0.1 | O23: =+SUM(E23:G23)*B23 -> 0.3 | P23: =+SUM(H23:N23)*B23 -> 0 | Q23: 2.23 | R23: =+(O23*D23)*Q23 -> 3874185.7 | S23: =(P23*D23)*Q23 -> 0 | T23: =+R23+S23 -> 3874185.7
A24: ESTRUCTURAS
A25: ESPECIALISTA EN ESTRUCTURAS | B25: 1 | C25: 7 | D25: =+D16 -> 5791010 | E25: 0.1 | F25: 0.1 | G25: 0.1 | O25: =+SUM(E25:G25)*B25 -> 0.3 | P25: =+SUM(H25:N25)*B25 -> 0 | Q25: 2.23 | R25: =+(O25*D25)*Q25 -> 3874185.7 | S25: =(P25*D25)*Q25 -> 0 | T25: =+R25+S25 -> 3874185.7
A26: REDES
A27: ESPECIALISTA EN REDES HIDROSANITARIAS | B27: 1 | C27: 7 | D27: =+D25 -> 5791010 | E27: 0.1 | F27: 0.1 | G27: 0.1 | O27: =+SUM(E27:G27)*B27 -> 0.3 | P27: =+SUM(H27:N27)*B27 -> 0 | Q27: 2.23 | R27: =+(O27*D27)*Q27 -> 3874185.7 | S27: =(P27*D27)*Q27 -> 0 | T27: =+R27+S27 -> 3874185.7
A28: ESPECIALISTAS EN REDES ELÉCTRICAS, GAS, TELEFÓNO Y FIBRA OPTCIA | B28: 1 | C28: 7 | D28: =+D27 -> 5791010 | E28: 0.1 | F28: 0.1 | G28: 0.1 | O28: =+SUM(E28:G28)*B28 -> 0.3 | P28: =+SUM(H28:N28)*B28 -> 0 | Q28: 2.23 | R28: =+(O28*D28)*Q28 -> 3874185.7 | S28: =(P28*D28)*Q28 -> 0 | T28: =+R28+S28 -> 3874185.7
A29: GESTIÓN AMBIENTAL
A30: RESIDENTE AMBIENTAL | B30: 1 | C30: 8 | D30: =+D15 -> 5465200 | E30: 0.15 | F30: 0.15 | G30: 0.15 | H30: 0.15 | I30: 0.15 | J30: 0.15 | K30: 0.15 | L30: 0.15 | M30: 0.15 | N30: 0.15 | O30: =+SUM(E30:G30)*B30 -> 0.45 | P30: =+SUM(H30:N30)*B30 -> 1.05 | Q30: 2.23 | R30: =+(O30*D30)*Q30 -> 5484328.2 | S30: =(P30*D30)*Q30 -> 12796766 | T30: =+R30+S30 -> 18281094
A31: RESIDENTE DE SEGURIDAD Y SALUD EN EL TRABAJO | B31: 1 | C31: 8 | D31: =+D30 -> 5465200 | E31: 0.25 | F31: 0.25 | G31: 0.25 | H31: 0.5 | I31: 0.5 | J31: 0.5 | K31: 0.5 | L31: 0.5 | M31: 0.5 | N31: 0.5 | O31: =+SUM(E31:G31)*B31 -> 0.75 | P31: =+SUM(H31:N31)*B31 -> 3.5 | Q31: 2.23 | R31: =+(O31*D31)*Q31 -> 9140547 | S31: =(P31*D31)*Q31 -> 42655886 | T31: =+R31+S31 -> 51796433
A32: ARQUEOLOGO | B32: 1 | C32: 8 | D32: =+D31 -> 5465200 | E32: 0.1 | F32: 0.1 | G32: 0.1 | H32: 0.1 | I32: 0.1 | J32: 0.1 | K32: 0.1 | L32: 0.1 | M32: 0.1 | N32: 0.1 | O32: =+SUM(E32:G32)*B32 -> 0.3 | P32: =+SUM(H32:N32)*B32 -> 0.7 | Q32: 2.23 | R32: =+(O32*D32)*Q32 -> 3656218.8 | S32: =(P32*D32)*Q32 -> 8531177.2 | T32: =+R32+S32 -> 12187396
A33: GESTIÓN SOCIAL
A34: RESIDENTE SOCIAL | B34: 1 | C34: 8 | D34: =+D32 -> 5465200 | E34: 0.25 | F34: 0.25 | G34: 0.25 | H34: 0.5 | I34: 0.5 | J34: 0.5 | K34: 0.5 | L34: 0.5 | M34: 0.5 | N34: 0.5 | O34: =+SUM(E34:G34)*B34 -> 0.75 | P34: =+SUM(H34:N34)*B34 -> 3.5 | Q34: 2.23 | R34: =+(O34*D34)*Q34 -> 9140547 | S34: =(P34*D34)*Q34 -> 42655886 | T34: =+R34+S34 -> 51796433
A35: PERSONAL AUXILIAR TÉCNICO
A36: TARIFAMES-PERSONALTÉCNICO-AUXILIAR DE INGENIERÍA (NO INCLUYE FACTOR DE PRESTACIONES) | B36: 1 | D36: =2997000*1.051 -> 3149847 | E36: 0.5 | F36: 0.5 | G36: 0.5 | H36: 0.25 | I36: 0.25 | J36: 0.25 | K36: 0.25 | L36: 0.25 | M36: 0.25 | N36: 0.25 | O36: =+SUM(E36:G36)*B36 -> 1.5 | P36: =+SUM(H36:N36)*B36 -> 1.75 | Q36: 2.23 | R36: =+(O36*D36)*Q36 -> 10536238 | S36: =(P36*D36)*Q36 -> 12292278 | T36: =+R36+S36 -> 22828516
A37: TARIFAMES-PERSONAL TÉCNICO-INSPECTOR 2 (NO INCLUYE FACTOR DE PRESTACIONES) | B37: 1 | D37: =2328000*1.051 -> 2446728 | E37: 0.25 | F37: 0.25 | G37: 0.25 | H37: 0.5 | I37: 0.5 | J37: 0.5 | K37: 0.5 | L37: 0.5 | M37: 0.5 | N37: 0.5 | O37: =+SUM(E37:G37)*B37 -> 0.75 | P37: =+SUM(H37:N37)*B37 -> 3.5 | Q37: 2.36 | R37: =+(O37*D37)*Q37 -> 4330708.6 | S37: =(P37*D37)*Q37 -> 20209973 | T37: =+R37+S37 -> 24540682
A38: TARIFA MES-PERSONAL TÉCNICO-LABORATORISTA INSPECTOR (NO INCLUYE FACTOR DE PRESTACIONES) | B38: 1 | D38: =3149000*1.051 -> 3309599 | E38: 0.25 | F38: 0.25 | G38: 0.25 | H38: 0.25 | I38: 0.25 | J38: 0.25 | K38: 0.25 | L38: 0.25 | M38: 0.25 | N38: 0.25 | O38: =+SUM(E38:G38)*B38 -> 0.75 | P38: =+SUM(H38:N38)*B38 -> 1.75 | Q38: 2.23 | R38: =+(O38*D38)*Q38 -> 5535304.3 | S38: =(P38*D38)*Q38 -> 12915710 | T38: =+R38+S38 -> 18451014
A39: COMISIÓN DE TOPOGRAFÍA
A40: TARIFA MES-PERSONAL TÉCNICO-TOPÓGRAFO INSPECTOR (NO INCLUYE FACTOR DE PRESTACIONES) | B40: 1 | D40: =3555000*1.051 -> 3736305 | E40: 0.2 | F40: 0.2 | G40: 0.2 | H40: 0.2 | I40: 0.2 | J40: 0.2 | K40: 0.2 | L40: 0.2 | M40: 0.2 | N40: 0.2 | O40: =+SUM(E40:G40)*B40 -> 0.6 | P40: =+SUM(H40:N40)*B40 -> 1.4 | Q40: 2.23 | R40: =+(O40*D40)*Q40 -> 4999176.1 | S40: =(P40*D40)*Q40 -> 11664744 | T40: =+R40+S40 -> 16663920
A41: TARIFAMES-PERSONALAUXILIARTÉCNICO-CADENERO2 (NO INCLUYE FACTOR DE PRESTACIONES) | B41: 1 | D41: =1920000*1.051 -> 2017920 | E41: 0.2 | F41: 0.2 | G41: 0.2 | H41: 0.2 | I41: 0.2 | J41: 0.2 | K41: 0.2 | L41: 0.2 | M41: 0.2 | N41: 0.2 | O41: =+SUM(E41:G41)*B41 -> 0.6 | P41: =+SUM(H41:N41)*B41 -> 1.4 | Q41: 2.36 | R41: =+(O41*D41)*Q41 -> 2857374.7 | S41: =(P41*D41)*Q41 -> 6667207.7 | T41: =+R41+S41 -> 9524582.4
A42: OTRO PERSONAL
A43: TARIFAMES-PERSONALAUXILIARTÉCNICO-CONDUCTORO MOTORISTA (NO INCLUYE FACTOR DE PRESTACIONES) | B43: 1 | D43: =1597000*1.051 -> 1678447 | E43: 0.3 | F43: 0.3 | G43: 0.3 | H43: 0.3 | I43: 0.3 | J43: 0.3 | K43: 0.3 | L43: 0.3 | M43: 0.3 | N43: 0.3 | O43: =+SUM(E43:G43)*B43 -> 0.9 | P43: =+SUM(H43:N43)*B43 -> 2.1 | Q43: 2.36 | R43: =+(O43*D43)*Q43 -> 3565021.4 | S43: =(P43*D43)*Q43 -> 8318383.3 | T43: =+R43+S43 -> 11883405
A44: SUBTOTAL 1 | T44: =+SUM(T14:T43) -> 5.0831902e+08
A46: COSTOS OPERACIONALES
A47: ALQUILER EQUIPO, SUMINISTROS Y OTROS ELEMENTOS | B47: CANTIDAD | C47: UNIDAD | D47: COSTO UNITARIO SIN IVA | E47: MES 1 | F47: MES 2 | G47: MES 3 | H47: MES 4 | I47: MES 5 | J47: MES 6 | K47: MES 7 | L47: MES 8 | M47: MES 9 | N47: MES 10 | O47: TOTAL DEDICACIÓN FASE PRELIMINARES | P47: TOTAL DEDICACIÓN FASE EJECUCIÓN | Q47: FACTOR MULTIPLICADOR | R47: COSTO TOTAL HOMBRES ACTIVIDADES PREVIAS | S47: COSTO TOTAL HOMBRES ACTIVIDADES FASE EJECUCIÓN | T47: COSTO TOTAL HOMBRES ACTIVIDADES CONTRATO
A48: TARIFAMES-ALQUILERDEVEHICULO:CAMPERO,PICK-UP, CAMIONETA, CAMIONOSIMILARDE 1300cc A 2000cc DE CILINDRADA, MODELO 2014 A 2011. 75%DE LA TARIFA ESTABLECIDA. INCLUYETODOSLOSCOSTOSDEOPERACIÓN Y MANTENIMIENTO EXCEPTO EL SALARIO DEL CONDUCTOR | B48: 1 | C48: MES | D48: =6264000*1.051 -> 6583464 | E48: 0.4 | F48: 0.4 | G48: 0.4 | H48: 0.4 | I48: 0.4 | J48: 0.4 | K48: 0.4 | L48: 0.4 | M48: 0.4 | N48: 0.4 | O48: =+SUM(E48:G48)*B48 -> 1.2 | P48: =+SUM(H48:N48)*B48 -> 2.8 | Q48: 1.1 | R48: =+(O48*D48)*Q48 -> 8690172.5 | S48: =(P48*D48)*Q48 -> 20277069 | T48: =+R48+S48 -> 28967242
A49: TARIFA MES - PLOTTER | B49: 1 | C49: MES | D49: =1442779*1.051 -> 1516360.7 | E49: 0.5 | F49: 0.5 | G49: 0.5 | H49: 0.5 | I49: 0.5 | J49: 0.5 | K49: 0.5 | L49: 0.5 | M49: 0.5 | N49: 0.5 | O49: =+SUM(E49:G49)*B49 -> 1.5 | P49: =+SUM(H49:N49)*B49 -> 3.5 | Q49: 1.1 | R49: =+(O49*D49)*Q49 -> 2501995.2 | S49: =(P49*D49)*Q49 -> 5837988.8 | T49: =+R49+S49 -> 8339984
A50: ALQUILER DE PORTATIL. CARACTERÍSTICAS: Procesador intel, Core i3 4005U, celeron o similar, Memoria RAM de 4 GB ( 2 x 2048 MB)Disco duro de 500gb a 7200 rpmPantalla LED HP BrightView widescreen de alta definición con 35,6 cm (14") o similar, HD INTEL GRAPHIC HD4400UNIDAD DE DVD QUEMADORBLUETOOTH | B50: 5 | C50: UN/MES | D50: =104889*1.051 -> 110238.34 | E50: 0.1 | F50: 0.1 | G50: 0.1 | H50: 0.1 | I50: 0.1 | J50: 0.1 | K50: 0.1 | L50: 0.1 | M50: 0.1 | N50: 0.1 | O50: =+SUM(E50:G50)*B50 -> 1.5 | P50: =+SUM(H50:N50)*B50 -> 3.5 | Q50: 1.1 | R50: =+(O50*D50)*Q50 -> 181893.26 | S50: =(P50*D50)*Q50 -> 424417.61 | T50: =+R50+S50 -> 606310.86
A51: TARIFA MES- EDICIÓN DE INFORME MENSUAL DE INTERVENTORÍA O CONSULTORÍA. Incluye 4 tapas plastificadas tamaño carta color blanco, con 6 tornillos, hojas de papel bond tamaño carta 75 gramos, 170 folios | B51: 1 | C51: UN/MES | D51: =210924*1.051 -> 221681.12 | E51: 1 | F51: 1 | G51: 1 | H51: 1 | I51: 1 | J51: 1 | K51: 1 | L51: 1 | M51: 1 | N51: 1 | O51: =+SUM(E51:G51)*B51 -> 3 | P51: =+SUM(H51:N51)*B51 -> 7 | Q51: 1.1 | R51: =+(O51*D51)*Q51 -> 731547.71 | S51: =(P51*D51)*Q51 -> 1706944.7 | T51: =+R51+S51 -> 2438492.4
A52: TARIFA MES- GASTOS OFICINA (PAPELERIA, FOTOCOPIAS Y OTROS) | B52: 1 | C52: GLB/MES | D52: =1008217*1.051 -> 1059636.1 | E52: 0.2 | F52: 0.2 | G52: 0.2 | H52: 0.2 | I52: 0.2 | J52: 0.2 | K52: 0.2 | L52: 0.2 | M52: 0.2 | N52: 0.2 | O52: =+SUM(E52:G52)*B52 -> 0.6 | P52: =+SUM(H52:N52)*B52 -> 1.4 | Q52: 1.1 | R52: =+(O52*D52)*Q52 -> 699359.8 | S52: =(P52*D52)*Q52 -> 1631839.5 | T52: =+R52+S52 -> 2331199.3
A53: SUBTOTAL 2 | T53: =+SUM(T48:T52) -> 42683228
A55: VR. BASICO PERSONAL+COSTOS OPERACIONALES ( 1 + 2 ): | T55: =+T44+T53 -> 5.5100225e+08
A57: 3. VALOR BASICO PARA ELEMENTOS PARA SALUD Y SEGURIDAD EN EL TRABAJO | T57: =+T44*0.023 -> 11691337
A59: 4. VR. BASICO PARA AJUSTES | T59: 2135925
A61: SUBTOTAL:
A62: VR. BASICO DE PERSONAL, COSTOS OPERACIONALES, SEGURIDAD Y SALUD EN EL TRABAJO- INCLUYE AJUSTES ( 1 + 2 + 3 + 4 ) | T62: =+T55+T57+T59 -> 5.6482951e+08
A63: IVA 19% | T63: =+T64-T62 -> 1.0731761e+08
A64: VALOR TOTAL | T64: =+T62*1.19 -> 6.7214712e+08

Sheet PO
B2: Formulario 1 - Formulario de presupuesto oficial -Interventoría de obra pública de infraestructura de transporte - versión 3
B3: Código | C3: CCE-EICP-FM-70 | E3: Versión | F3: 3
C7: FORMULARIO 1 - DETALLADO
C8: [La Entidad puede utilizar este Formulario para determinar las condiciones bajo las cuales los Proponentes presentarán su propuesta económica de forma detallada, sin perjuicio que puedan modificarlo o alleguen la oferta económica con un Formulario distinto. Es presentado a modo ilustrativo y como una sugerencia] [En caso de modificar el formulario, es importante tener en cuenta que no se deben incluir causales de rechazo, reglas o parámetros. Los términos el proceso solo se encuentran en el Documento Base por lo que no es viable que la Entidad incluya notas de ningún tipo]
C10: CONTRATAR LA INTERVENTORÍA DE LA CONSTRUCCIÓN Y/O REHABILITACIÓN Y/O MANTENIMIENTO DEL ESPACIO PÚBLICO REQUERIDO PARA EL MEJORAMIENTO DE LOS PARADEROS DEL SISTEMA INTEGRADO DE TRANSPORTE PÚBLICO - SITP, A CARGO DE TRANSMILENIO S.A., GRUPO 3.
C12: CANT. | D12: CARGO / OFICIO | E12: COSTOS DE PERSONAL | F12: PRIMA REGIONAL (NO APLICA) | G12: PARTICIPACIÓN/DEDICACIÓN TOTAL PROYECTO | H12: VALOR PARCIAL ($)
C13: (1) | E13: (2) | F13: (3) | G13: (4) | H13: (1)*((2)+(3))*(4) = (5)
C14: COSTOS DIRECTOS DE PERSONAL
C15: DIRECTOR / RESIDENTES
C16: 1 | D16: Director de Interventoría - Categoría 10 - titulo de formación profesional y siete (7) años de experiencia | E16: =+'PLAN DE CARGAS'!D14 -> 7323946 | F16: 0 | G16: =+'PLAN DE CARGAS'!Q14 -> 4 | H16: =+C16*(E16+F16)*G16 -> 29295784
C17: 1 | D17: Residente de Interventoría - Categoría 7 - titulo de formación profesional y cuatro (4) años de experiencia | E17: =+'PLAN DE CARGAS'!D15 -> 5757974 | F17: 0 | G17: =+'PLAN DE CARGAS'!Q15 -> 10 | H17: =+C17*(E17+F17)*G17 -> 57579740
C18: 1 | D18: Profesional de Interventoría, Costos, Presupuestos y Programación - Categoría 6 - titulo de formación profesional y tres (3) años de experiencia | E18: =+'PLAN DE CARGAS'!D16 -> 5232329 | F18: 0 | G18: =+'PLAN DE CARGAS'!Q16 -> 2 | H18: =+C18*(E18+F18)*G18 -> 10464658
C19: ESPECIALISTAS Y/O PROFESIONALES
C20: 1 | D20: Especialista Legal - Categoría 6 - titulo de formación profesional y tres (3) años de experiencia | E20: =+'PLAN DE CARGAS'!D19 -> 5232329 | F20: 0 | G20: =+'PLAN DE CARGAS'!Q19 -> 1 | H20: =+C20*(E20+F20)*G20 -> 5232329
C21: 1 | D21: Especialista en Espacio Público - Categoría 6 - titulo de formación profesional y tres (3) años de experiencia | E21: =+'PLAN DE CARGAS'!D21 -> 5232329 | F21: 0 | G21: =+'PLAN DE CARGAS'!Q21 -> 1.8 | H21: =+C21*(E21+F21)*G21 -> 9418192.2
C22: 1 | D22: Especialista en Tránsito y Transporte - Categoría 6 - titulo de formación profesional y tres (3) años de experiencia | E22: =+'PLAN DE CARGAS'!D23 -> 5232329 | F22: 0 | G22: =+'PLAN DE CARGAS'!Q23 -> 4.95 | H22: =+C22*(E22+F22)*G22 -> 25900029
C23: 1 | D23: Especialista en Geotecnia y Pavimentos - Categoría 6 - titulo de formación profesional y tres (3) años de experiencia | E23: =+'PLAN DE CARGAS'!D25 -> 5232329 | F23: 0 | G23: =+'PLAN DE CARGAS'!Q25 -> 1.8 | H23: =+C23*(E23+F23)*G23 -> 9418192.2
C24: 1 | D24: Especialista en Estructuras - Categoría 6 - titulo de formación profesional y tres (3) años de experiencia | E24: =+'PLAN DE CARGAS'!D27 -> 5232329 | F24: 0 | G24: =+'PLAN DE CARGAS'!Q27 -> 1 | H24: =+C24*(E24+F24)*G24 -> 5232329
C25: 1 | D25: Especialista Redes Hidrosanitarias - Categoría 6 - titulo de formación profesional y tres (3) años de experiencia | E25: =+'PLAN DE CARGAS'!D29 -> 5232329 | F25: 0 | G25: =+'PLAN DE CARGAS'!Q29 -> 1 | H25: =+C25*(E25+F25)*G25 -> 5232329
C26: 1 | D26: Ingeniero redes electricas, gas, teléfono, fibra óptica - Categoría 6 - titulo de formación profesional y tres (3) años de experiencia | E26: =+'PLAN DE CARGAS'!D30 -> 5232329 | F26: 0 | G26: =+'PLAN DE CARGAS'!Q30 -> 1 | H26: =+C26*(E26+F26)*G26 -> 5232329
C27: 1 | D27: Residente Ambiental - Categoría 7 - titulo de formación profesional y cuatro (4) años de experiencia | E27: =+'PLAN DE CARGAS'!D32 -> 5757974 | F27: 0 | G27: =+'PLAN DE CARGAS'!Q32 -> 5 | H27: =+C27*(E27+F27)*G27 -> 28789870
C28: 1 | D28: Especialista en Seguridad y Salud en el Trabajo - Categoría 7 - titulo de formación profesional y cuatro (4) años de experiencia | E28: =+'PLAN DE CARGAS'!D33 -> 5757974 | F28: 0 | G28: =+'PLAN DE CARGAS'!Q33 -> 8 | H28: =+C28*(E28+F28)*G28 -> 46063792
C29: 1 | D29: Arqueólogo - Categoría 7 - titulo de formación profesional y cuatro (4) años de experiencia | E29: =+'PLAN DE CARGAS'!D34 -> 5757974 | F29: 0 | G29: =+'PLAN DE CARGAS'!Q34 -> 1 | H29: =+C29*(E29+F29)*G29 -> 5757974
C30: 1 | D30: Residente Social - Categoría 7 - titulo de formación profesional y cuatro (4) años de experiencia | E30: =+'PLAN DE CARGAS'!D36 -> 5757974 | F30: 0 | G30: =+'PLAN DE CARGAS'!Q36 -> 8 | H30: =+C30*(E30+F30)*G30 -> 46063792
C31: SUBTOTAL COSTOS DE PERSONAL = SUMATORIA DE (5) = (6) | H31: =+SUM(H16:H18,H20:H30) -> 2.8968134e+08
C32: FACTOR MULTIPLICADOR (7) | H32: =+'PLAN DE CARGAS'!R36 -> 1.724
C33: SUBTOTAL COSTOS DE PERSONAL PROFESIONAL = (6) * (7) = (A) | H33: =+H31*H32 -> 4.9941063e+08
C34: CANT. | D34: CARGO / OFICIO | E34: COSTOS DE PERSONAL | F34: PRIMA REGIONAL (NO APLICA) | G34: PARTICIPACIÓN/DEDICACIÓN TOTAL PROYECTO | H34: VALOR PARCIAL ($)
C35: (8) | E35: (9) | F35: (10) | G35: (11) | H35: (8)*((9)+(10))*(11) = (12)
C36: PERSONAL TÉCNICO
C37: 1 | D37: Personal Técnico - Auxiliar de ingeniería | E37: =+'PLAN DE CARGAS'!D38 -> 3263447 | F37: 0 | G37: =+'PLAN DE CARGAS'!Q38 -> 2 | H37: =+C37*(E37+F37)*G37 -> 6526894
C38: 2 | D38: Personal Técnico - Inspector 2 | E38: =+'PLAN DE CARGAS'!D39 -> 2405497 | F38: 0 | G38: 5 | H38: =+C38*(E38+F38)*G38 -> 24054970
C39: 1 | D39: Personal Técnico - Laboratorista Inspector | E39: =+'PLAN DE CARGAS'!D40 -> 3263447 | F39: 0 | G39: =+'PLAN DE CARGAS'!Q40 -> 1.9553339 | H39: =+C39*(E39+F39)*G39 -> 6381128.4
C40: 1 | D40: Personal Técnico - Topógrafo Inspector | E40: =+'PLAN DE CARGAS'!D42 -> 3263447 | F40: 0 | G40: =+'PLAN DE CARGAS'!Q42 -> 2 | H40: =+C40*(E40+F40)*G40 -> 6526894
C41: 1 | D41: Personal Auxiliar Técnico - Cadenero 2 | E41: =+'PLAN DE CARGAS'!D43 -> 2405497 | F41: 0 | G41: =+'PLAN DE CARGAS'!Q43 -> 2 | H41: =+C41*(E41+F41)*G41 -> 4810994
C42: OTRO PERSONAL
C43: 1 | D43: Personal Auxiliar Técnico - Conductor o Motorista | E43: =+'PLAN DE CARGAS'!D45 -> 1750905 | F43: 0 | G43: =+'PLAN DE CARGAS'!Q45 -> 4 | H43: =+C43*(E43+F43)*G43 -> 7003620
C44: SUBTOTAL COSTOS DE PERSONAL = SUMATORIA DE (12) = (13) | H44: =+SUM(H37:H41,H43) -> 55304500
C45: FACTOR MULTIPLICADOR (14) | H45: =+'PLAN DE CARGAS'!R39 -> 1.816
C46: SUBTOTAL COSTOS DE PERSONAL TÉCNICO Y OTRO PERSONAL = (13) * (14) = (B) | H46: =+H44*H45 -> 1.0043297e+08
C47: SUBTOTAL COSTOS DE PERSONAL PERSONAL = (A) + (B) = (C) | H47: =+H33+H46 -> 5.998436e+08
C48: CANT. | D48: CONCEPTO | E48: UNIDAD | F48: COSTO | G48: UTILIZACIÓN / CANTIDAD TOTAL PROYECTO | H48: VALOR
F49: ($) | H49: PARCIAL ($)
C50: (15) | F50: (16) | G50: (17) | H50: (15)*(16)*(17) = (18)
C51: OTROS COSTOS DIRECTOS
C52: ALQUILER EQUIPOS, SUMINISTROS Y OTROS ELEMENTOS
C53: =+'PLAN DE CARGAS'!B52 -> 1 | D53: ALQUILER MES - CAMPERO PICK-UP, CAMIONETA DE 1300-2000cc - MODELO 2018 O SUPERIOR | E53: MES | F53: =+'PLAN DE CARGAS'!D52/1.19 -> 5620752.9 | G53: =+'PLAN DE CARGAS'!Q52 -> 4 | H53: =+C53*F53*G53 -> 22483012
C54: =+'PLAN DE CARGAS'!B53 -> 50 | D54: ARRENDAMIENTO DE OFICINA (INCLUYE SERVICIOS PUBLICOS, COMUNICACIONES) | E54: M2/MES | F54: =+'PLAN DE CARGAS'!D53/1.19 -> 52108.117 | G54: =+'PLAN DE CARGAS'!Q53 -> 10 | H54: =+C54*F54*G54 -> 26054059
C55: =+'PLAN DE CARGAS'!B54 -> 8 | D55: ALQUILER DE ESCRITORIO-ESTACION DE TRABAJO - CON CAJONES / CAJONERA | E55: UN/MES | F55: =+'PLAN DE CARGAS'!D54/1.19 -> 21313.206 | G55: =+'PLAN DE CARGAS'!Q54 -> 10 | H55: =+C55*F55*G55 -> 1705056.5
C56: =+'PLAN DE CARGAS'!B55 -> 8 | D56: ALQUILER DE SILLA OFICINA GIRATORIA CON ESPALDAR Y BRAZOS | E56: UN/MES | F56: =+'PLAN DE CARGAS'!D55/1.19 -> 21644.518 | G56: =+'PLAN DE CARGAS'!Q55 -> 10 | H56: =+C56*F56*G56 -> 1731561.4
C57: =+'PLAN DE CARGAS'!B56 -> 8 | D57: ALQUILER DE PC DE ESCRITORIO - PROCESADOR i5 / AMD Ryzen 5, MEMORIA 4Gb-8Gb DD 1Tb MONITOR 24", TECLADO, MOUSE, PAQUETE BASICO OFFICE Y ANTIVIRUS. | E57: UN/MES | F57: =+'PLAN DE CARGAS'!D56/1.19 -> 208334.71 | G57: =+'PLAN DE CARGAS'!Q56 -> 1 | H57: =+C57*F57*G57 -> 1666677.6
C58: =+'PLAN DE CARGAS'!B57 -> 1 | D58: TARIFA MES- EDICIÓN DE INFORME MENSUAL DE INTERVENTORÍA O CONSULTORÍA. Incluye 4 tapas plastificadas tamaño carta color blanco, con 6 tornillos, hojas de papel bond tamaño carta 75 gramos, 170 folios | E58: UN/MES | F58: =+'PLAN DE CARGAS'!D57/1.19 -> 186286.66 | G58: =+'PLAN DE CARGAS'!Q57 -> 10 | H58: =+C58*F58*G58 -> 1862866.6
C59: =+'PLAN DE CARGAS'!B58 -> 1 | D59: TARIFA MES- GASTOS OFICINA (PAPELERIA, FOTOCOPIAS Y OTROS) | E59: GLB/MES | F59: =+'PLAN DE CARGAS'!D58/1.19 -> 890450.48 | G59: =+'PLAN DE CARGAS'!Q58 -> 2 | H59: =+C59*F59*G59 -> 1780901
C60: =+'PLAN DE CARGAS'!B59 -> 2 | D60: PLAN VOZ ILIMITADO Y DATOS MOVILES 40Gb minimo | E60: GLB/MES | F60: =+'PLAN DE CARGAS'!D59/1.19 -> 38131.941 | G60: =+'PLAN DE CARGAS'!Q59 -> 10 | H60: =+C60*F60*G60 -> 762638.82
C61: =+'PLAN DE CARGAS'!B60 -> 2 | D61: TELEFONO MOVIL CON CAMARA DE 13 Mpx - NAVEGACION RED 4G LTE - MEMORIA INTERNA 32Gb MINIMO | E61: UNIDAD | F61: =+'PLAN DE CARGAS'!D60/1.19 -> 331518.72 | G61: =+'PLAN DE CARGAS'!Q60 -> 10 | H61: =+C61*F61*G61 -> 6630374.5
C62: =+'PLAN DE CARGAS'!B61 -> 5 | D62: ALQUILER FLEXOMETRO 5M | E62: UN/MES | F62: =+'PLAN DE CARGAS'!D61/1.19 -> 1915.0353 | G62: =+'PLAN DE CARGAS'!Q61 -> 10 | H62: =+C62*F62*G62 -> 95751.765
C63: =+'PLAN DE CARGAS'!B62 -> 1 | D63: ALQUILER CINTA METRICA 30M | E63: UN/MES | F63: =+'PLAN DE CARGAS'!D62/1.19 -> 9428.6176 | G63: =+'PLAN DE CARGAS'!Q62 -> 10 | H63: =+C63*F63*G63 -> 94286.176
C64: ELEMENTOS PARA SALUD Y SEGURIDAD EN EL TRABAJO
C65: =+'PLAN DE CARGAS'!B68 -> 9 | D65: CHALECO EN DRILL MULTIBOLSILLOS CON CINTA REFLECTIVA-CON LOGOS | E65: UNIDAD | F65: =+'PLAN DE CARGAS'!D68/1.19 -> 58513.445 | G65: 1 | H65: =+C65*F65*G65 -> 526621.01
C66: =+'PLAN DE CARGAS'!B69 -> 9 | D66: CHAQUETA ROMPEVIENTOS IMPERMEABLE CON CINTA REFELECTIVA-CON LOGOS | E66: UNIDAD | F66: =+'PLAN DE CARGAS'!D69/1.19 -> 112186.78 | G66: 1 | H66: =+C66*F66*G66 -> 1009681
C67: =+'PLAN DE CARGAS'!B70 -> 9 | D67: BOTA DE SEGURIDAD-DIELECTRICA-PUNTA COMPOSITE | E67: PAR | F67: =+'PLAN DE CARGAS'!D70/1.19 -> 194138.92 | G67: 1 | H67: =+C67*F67*G67 -> 1747250.3
C68: =+'PLAN DE CARGAS'!B71 -> 9 | D68: LENTES DE SEGURIDAD - LENTE CLARO ANTIEMPAÑANTE | E68: UNIDAD | F68: =+'PLAN DE CARGAS'!D71/1.19 -> 10507.824 | G68: 1 | H68: =+C68*F68*G68 -> 94570.412
C69: =+'PLAN DE CARGAS'!B72 -> 9 | D69: GUANTES POLIESTER NITRILO | E69: PAR | F69: =+'PLAN DE CARGAS'!D72/1.19 -> 5996.4765 | G69: 1 | H69: =+C69*F69*G69 -> 53968.288
C70: =+'PLAN DE CARGAS'!B74 -> 42 | D70: EXÁMEN MÉDICO OCUPACIONAL DE INGRESO O RETIRO | E70: UN | F70: =+'PLAN DE CARGAS'!D74/1.19 -> 26647.059 | G70: 1 | H70: =+C70*F70*G70 -> 1119176.5
C71: =+'PLAN DE CARGAS'!B75 -> 42 | D71: EXAMEN DE AUDIOMETRÍA DE INGRESO O EGRESO | E71: UN | F71: =+'PLAN DE CARGAS'!D75/1.19 -> 22205.882 | G71: 1 | H71: =+C71*F71*G71 -> 932647.06
C72: =+'PLAN DE CARGAS'!B76 -> 42 | D72: EXAMEN DE OPTOMETRÍA DE INGRESO O EGRESO | E72: UN | F72: =+'PLAN DE CARGAS'!D76/1.19 -> 22738.824 | G72: 1 | H72: =+C72*F72*G72 -> 955030.59
C73: =+'PLAN DE CARGAS'!B77 -> 42 | D73: EXAMEN DE ESPIROMETRÍA DE INGRESO O EGRESO | E73: UN | F73: =+'PLAN DE CARGAS'!D77/1.19 -> 26647.059 | G73: 1 | H73: =+C73*F73*G73 -> 1119176.5
C74: OTROS COSTOS
C76: SUBTOTAL OTROS COSTOS DIRECTOS = SUMATORIA DE (18) = (D) | H76: =+SUM(H53:H63,H65:H73) -> 72425306
C77: SUBTOTAL COSTOS BASICOS = (C)+(D) = (E) | H77: =+H47+H76 -> 6.7226891e+08
C78: PROVISION FRENTE ADICIONAL = (F) | H78: 0
C79: VALOR TOTAL BÁSICO= (E)+(F)=(G) | H79: =+SUM(H77:H78) -> 6.7226891e+08
C80: IVA = 19% * (G) = (H) | H80: =+H79*0.19 -> 1.2773109e+08
C81: COSTO TOTAL = (G) + (H) | H81: =+H79+H80 -> 8e+08
C83: FIRMAS:
C88: Nombre y firma del representante legal del Proponente | F88: Nombre del Proponente

Sheet PLAN DE CARGAS
A2: TRANSMILENIO S.A
A3: SUBDIRECCIÓN DE INFRAESTRUCTURA
A4: DIRECCIÓN DE CONSTRUCCIONES Y MANTENIMIENTO
A5: OBJETO DE LA CONTRATACIÓN | B5: CONTRATAR LA INTERVENTORÍA PARA EL MEJORAMIENTO DE LOS PARADEROS DEL SISTEMA INTEGRADO DE TRANSPORTE PÚBLICO – SITP DE BOGOTÁ, A CARGO DE TRANSMILENIO S.A.
A7: PRESUPUESTO TOTAL (IVA INCLUIDO) | B7: 800000000
A9: DURACIÓN (MESES) | B9: 10
A10: SMLMV 2026 | B10: 1750905
F11: EJECUCIÓN | O11: RECIBO
A12: PERSONAL ESPECIALISTA, PROFESIONAL O DE APOYO, PARA OBRAS CIVILES/DESCRIPCIÓN | B12: CANTIDAD | C12: CATEGORÍA/UNIDAD | D12: TARIFA MENSUAL A OFERTAR | E12: SMMLV | F12: MES 1 | G12: MES 2 | H12: MES 3 | I12: MES 4 | J12: MES 5 | K12: MES 6 | L12: MES 7 | M12: MES 8 | N12: MES 9 | O12: MES 10 | P12: TOTAL DEDICACIÓN FASE EJECUCIÓN | Q12: TOTAL DEDICACIÓN | R12: FACTOR MULTIPLICADOR A OFERTAR | S12: COSTO TOTAL HOMBRES ACTIVIDADES FASE EJECUCIÓN | T12: COSTO TOTAL HOMBRES PROYECTO
A13: DIRECTOR/COORDINACIÓN / OBRA
A14: Director de Interventoría - Categoría 10 - titulo de formación profesional y siete (7) años de experiencia | B14: 1 | C14: 10 | D14: =+'TARIFAS M.O'!I18 -> 7323946 | E14: =+D14/$B$10 -> 4.1829488 | F14: 0.4 | G14: 0.4 | H14: 0.4 | I14: 0.4 | J14: 0.4 | K14: 0.4 | L14: 0.4 | M14: 0.4 | N14: 0.4 | O14: 0.4 | P14: =+SUM(F14:O14)*B14 -> 4 | Q14: =P14 -> 4 | R14: =+IF(E14>10,F.M!$D$41,IF(AND(E14>2,E14<=10),F.M!$D$29,F.M!$D$17)) -> 1.724 | S14: =(P14*D14)*R14 -> 50505932 | T14: =S14 -> 50505932
A15: Residente de Interventoría - Categoría 7 - titulo de formación profesional y cuatro (4) años de experiencia | B15: 1 | C15: 7 | D15: =+'TARIFAS M.O'!I15 -> 5757974 | E15: =+D15/$B$10 -> 3.2885702 | F15: 1 | G15: 1 | H15: 1 | I15: 1 | J15: 1 | K15: 1 | L15: 1 | M15: 1 | N15: 1 | O15: 1 | P15: =+SUM(F15:O15)*B15 -> 10 | Q15: =P15 -> 10 | R15: =+IF(E15>10,F.M!$D$41,IF(AND(E15>2,E15<=10),F.M!$D$29,F.M!$D$17)) -> 1.724 | S15: =(P15*D15)*R15 -> 99267472 | T15: =S15 -> 99267472
A16: Profesional de Interventoría, Costos, Presupuestos y Programación - Categoría 6 - titulo de formación profesional y tres (3) años de experiencia | B16: 1 | C16: 6 | D16: =+'TARIFAS M.O'!I14 -> 5232329 | E16: =+D16/$B$10 -> 2.9883569 | F16: 0.2 | G16: 0.2 | H16: 0.2 | I16: 0.2 | J16: 0.2 | K16: 0.2 | L16: 0.2 | M16: 0.2 | N16: 0.2 | O16: 0.2 | P16: =+SUM(F16:O16)*B16 -> 2 | Q16: =P16 -> 2 | R16: =+IF(E16>10,F.M!$D$41,IF(AND(E16>2,E16<=10),F.M!$D$29,F.M!$D$17)) -> 1.724 | S16: =(P16*D16)*R16 -> 18041070 | T16: =S16 -> 18041070
A17: ESPECIALISTAS Y/O PROFESIONALES
A18: LEGAL
A19: Especialista Legal - Categoría 6 - titulo de formación profesional y tres (3) años de experiencia | B19: 1 | C19: 6 | D19: =+D16 -> 5232329 | E19: =+D19/$B$10 -> 2.9883569 | F19: 0.1 | G19: 0.1 | H19: 0.1 | I19: 0.1 | J19: 0.1 | K19: 0.1 | L19: 0.1 | M19: 0.1 | N19: 0.1 | O19: 0.1 | P19: =+SUM(F19:O19)*B19 -> 1 | Q19: =P19 -> 1 | R19: =+IF(E19>10,F.M!$D$41,IF(AND(E19>2,E19<=10),F.M!$D$29,F.M!$D$17)) -> 1.724 | S19: =(P19*D19)*R19 -> 9020535.2 | T19: =S19 -> 9020535.2
A20: ESPACIO PÚBLICO
A21: Especialista en Espacio Público - Categoría 6 - titulo de formación profesional y tres (3) años de experiencia | B21: 1 | C21: 6 | D21: =+D19 -> 5232329 | E21: =+D21/$B$10 -> 2.9883569 | F21: 0.2 | G21: 0.2 | H21: 0.2 | I21: 0.2 | J21: 0.2 | K21: 0.2 | L21: 0.15 | M21: 0.15 | N21: 0.15 | O21: 0.15 | P21: =+SUM(F21:O21)*B21 -> 1.8 | Q21: =P21 -> 1.8 | R21: =+IF(E21>10,F.M!$D$41,IF(AND(E21>2,E21<=10),F.M!$D$29,F.M!$D$17)) -> 1.724 | S21: =(P21*D21)*R21 -> 16236963 | T21: =S21 -> 16236963
A22: TRÁNSITO Y TRANSPORTE
A23: Especialista en Tránsito y Transporte - Categoría 6 - titulo de formación profesional y tres (3) años de experiencia | B23: 1 | C23: 6 | D23: =+D21 -> 5232329 | E23: =+D23/$B$10 -> 2.9883569 | F23: 0.5 | G23: 0.5 | H23: 0.5 | I23: 0.5 | J23: 0.5 | K23: 0.5 | L23: 0.5 | M23: 0.5 | N23: 0.5 | O23: 0.45 | P23: =+SUM(F23:O23)*B23 -> 4.95 | Q23: =P23 -> 4.95 | R23: =+IF(E23>10,F.M!$D$41,IF(AND(E23>2,E23<=10),F.M!$D$29,F.M!$D$17)) -> 1.724 | S23: =(P23*D23)*R23 -> 44651649 | T23: =S23 -> 44651649
A24: GEOTECNIA Y PAVIMENTOS
A25: Especialista en Geotecnia y Pavimentos - Categoría 6 - titulo de formación profesional y tres (3) años de experiencia | B25: 1 | C25: 6 | D25: =+D23 -> 5232329 | E25: =+D25/$B$10 -> 2.9883569 | F25: 0.2 | G25: 0.2 | H25: 0.2 | I25: 0.2 | J25: 0.2 | K25: 0.2 | L25: 0.15 | M25: 0.15 | N25: 0.15 | O25: 0.15 | P25: =+SUM(F25:O25)*B25 -> 1.8 | Q25: =P25 -> 1.8 | R25: =+IF(E25>10,F.M!$D$41,IF(AND(E25>2,E25<=10),F.M!$D$29,F.M!$D$17)) -> 1.724 | S25: =(P25*D25)*R25 -> 16236963 | T25: =S25 -> 16236963
A26: ESTRUCTURAS
A27: Especialista en Estructuras - Categoría 6 - titulo de formación profesional y tres (3) años de experiencia | B27: 1 | C27: 6 | D27: =+D25 -> 5232329 | E27: =+D27/$B$10 -> 2.9883569 | F27: 0.1 | G27: 0.1 | H27: 0.1 | I27: 0.1 | J27: 0.1 | K27: 0.1 | L27: 0.1 | M27: 0.1 | N27: 0.1 | O27: 0.1 | P27: =+SUM(F27:O27)*B27 -> 1 | Q27: =P27 -> 1 | R27: =+IF(E27>10,F.M!$D$41,IF(AND(E27>2,E27<=10),F.M!$D$29,F.M!$D$17)) -> 1.724 | S27: =(P27*D27)*R27 -> 9020535.2 | T27: =S27 -> 9020535.2
A28: REDES
A29: Especialista Redes Hidrosanitarias - Categoría 6 - titulo de formación profesional y tres (3) años de experiencia | B29: 1 | C29: 6 | D29: =+D27 -> 5232329 | E29: =+D29/$B$10 -> 2.9883569 | F29: 0.1 | G29: 0.1 | H29: 0.1 | I29: 0.1 | J29: 0.1 | K29: 0.1 | L29: 0.1 | M29: 0.1 | N29: 0.1 | O29: 0.1 | P29: =+SUM(F29:O29)*B29 -> 1 | Q29: =P29 -> 1 | R29: =+IF(E29>10,F.M!$D$41,IF(AND(E29>2,E29<=10),F.M!$D$29,F.M!$D$17)) -> 1.724 | S29: =(P29*D29)*R29 -> 9020535.2 | T29: =S29 -> 9020535.2
A30: Especialista redes electricas, gas, teléfono, fibra óptica - Categoría 6 - titulo de formación profesional y tres (3) años de experiencia | B30: 1 | C30: 6 | D30: =+D29 -> 5232329 | E30: =+D30/$B$10 -> 2.9883569 | F30: 0.1 | G30: 0.1 | H30: 0.1 | I30: 0.1 | J30: 0.1 | K30: 0.1 | L30: 0.1 | M30: 0.1 | N30: 0.1 | O30: 0.1 | P30: =+SUM(F30:O30)*B30 -> 1 | Q30: =P30 -> 1 | R30: =+IF(E30>10,F.M!$D$41,IF(AND(E30>2,E30<=10),F.M!$D$29,F.M!$D$17)) -> 1.724 | S30: =(P30*D30)*R30 -> 9020535.2 | T30: =S30 -> 9020535.2
A31: GESTIÓN AMBIENTAL
A32: Residente Ambiental - Categoría 7 - titulo de formación profesional y cuatro (4) años de experiencia | B32: 1 | C32: 7 | D32: =+D15 -> 5757974 | E32: =+D32/$B$10 -> 3.2885702 | F32: 0.5 | G32: 0.5 | H32: 0.5 | I32: 0.5 | J32: 0.5 | K32: 0.5 | L32: 0.5 | M32: 0.5 | N32: 0.5 | O32: 0.5 | P32: =+SUM(F32:O32)*B32 -> 5 | Q32: =P32 -> 5 | R32: =+IF(E32>10,F.M!$D$41,IF(AND(E32>2,E32<=10),F.M!$D$29,F.M!$D$17)) -> 1.724 | S32: =(P32*D32)*R32 -> 49633736 | T32: =S32 -> 49633736
A33: Especialista en Seguridad y Salud en el Trabajo - Categoría 7 - titulo de formación profesional y cuatro (4) años de experiencia | B33: 1 | C33: 7 | D33: =+D32 -> 5757974 | E33: =+D33/$B$10 -> 3.2885702 | F33: 0.8 | G33: 0.8 | H33: 0.8 | I33: 0.8 | J33: 0.8 | K33: 0.8 | L33: 0.8 | M33: 0.8 | N33: 0.8 | O33: 0.8 | P33: =+SUM(F33:O33)*B33 -> 8 | Q33: =P33 -> 8 | R33: =+IF(E33>10,F.M!$D$41,IF(AND(E33>2,E33<=10),F.M!$D$29,F.M!$D$17)) -> 1.724 | S33: =(P33*D33)*R33 -> 79413977 | T33: =S33 -> 79413977
A34: Arqueólogo - Categoría 7 - titulo de formación profesional y cuatro (4) años de experiencia | B34: 1 | C34: 7 | D34: =+D33 -> 5757974 | E34: =+D34/$B$10 -> 3.2885702 | F34: 0.1 | G34: 0.1 | H34: 0.1 | I34: 0.1 | J34: 0.1 | K34: 0.1 | L34: 0.1 | M34: 0.1 | N34: 0.1 | O34: 0.1 | P34: =+SUM(F34:O34)*B34 -> 1 | Q34: =P34 -> 1 | R34: =+IF(E34>10,F.M!$D$41,IF(AND(E34>2,E34<=10),F.M!$D$29,F.M!$D$17)) -> 1.724 | S34: =(P34*D34)*R34 -> 9926747.2 | T34: =S34 -> 9926747.2
A35: GESTIÓN SOCIAL
A36: Residente Social - Categoría 7 - titulo de formación profesional y cuatro (4) años de experiencia | B36: 1 | C36: 7 | D36: =+D34 -> 5757974 | E36: =+D36/$B$10 -> 3.2885702 | F36: 0.8 | G36: 0.8 | H36: 0.8 | I36: 0.8 | J36: 0.8 | K36: 0.8 | L36: 0.8 | M36: 0.8 | N36: 0.8 | O36: 0.8 | P36: =+SUM(F36:O36)*B36 -> 8 | Q36: =P36 -> 8 | R36: =+IF(E36>10,F.M!$D$41,IF(AND(E36>2,E36<=10),F.M!$D$29,F.M!$D$17)) -> 1.724 | S36: =(P36*D36)*R36 -> 79413977 | T36: =S36 -> 79413977
A37: PERSONAL AUXILIAR TÉCNICO
A38: Personal Técnico - Auxiliar de ingeniería | B38: 1 | D38: =+'TARIFAS M.O'!I40 -> 3263447 | E38: =+D38/$B$10 -> 1.863863 | F38: 0.2 | G38: 0.2 | H38: 0.2 | I38: 0.2 | J38: 0.2 | K38: 0.2 | L38: 0.2 | M38: 0.2 | N38: 0.2 | O38: 0.2 | P38: =+SUM(F38:O38)*B38 -> 2 | Q38: =P38 -> 2 | R38: =+IF(E38>10,F.M!$D$41,IF(AND(E38>2,E38<=10),F.M!$D$29,F.M!$D$17)) -> 1.816 | S38: =(P38*D38)*R38 -> 11852840 | T38: =S38 -> 11852840
A39: Personal Técnico - Inspector 2 | B39: 2 | D39: =+'TARIFAS M.O'!I37 -> 2405497 | E39: =+D39/$B$10 -> 1.3738592 | F39: 0.5 | G39: 0.5 | H39: 0.5 | I39: 0.5 | J39: 0.5 | K39: 0.5 | L39: 0.5 | M39: 0.5 | N39: 0.5 | O39: 0.5 | P39: 5 | Q39: =P39 -> 5 | R39: =+IF(E39>10,F.M!$D$41,IF(AND(E39>2,E39<=10),F.M!$D$29,F.M!$D$17)) -> 1.816 | S39: =B39*(P39*D39)*R39 -> 43683826 | T39: =S39 -> 43683826
A40: Personal Técnico - Laboratorista Inspector | B40: 1 | D40: =+'TARIFAS M.O'!I40 -> 3263447 | E40: =+D40/$B$10 -> 1.863863 | F40: 0.2 | G40: 0.2 | H40: 0.2 | I40: 0.2 | J40: 0.2 | K40: 0.2 | L40: 0.2 | M40: 0.2 | N40: 0.2 | O40: 0.15533386 | P40: =+SUM(F40:O40)*B40 -> 1.9553339 | Q40: =P40 -> 1.9553339 | R40: =+IF(E40>10,F.M!$D$41,IF(AND(E40>2,E40<=10),F.M!$D$29,F.M!$D$17)) -> 1.816 | S40: =(P40*D40)*R40 -> 11588129 | T40: =S40 -> 11588129
A41: COMISIÓN DE TOPOGRAFÍA
A42: Personal Técnico - Topógrafo Inspector | B42: 1 | D42: =+D38 -> 3263447 | E42: =+D42/$B$10 -> 1.863863 | F42: 0.2 | G42: 0.2 | H42: 0.2 | I42: 0.2 | J42: 0.2 | K42: 0.2 | L42: 0.2 | M42: 0.2 | N42: 0.2 | O42: 0.2 | P42: =+SUM(F42:O42)*B42 -> 2 | Q42: =P42 -> 2 | R42: =+IF(E42>10,F.M!$D$41,IF(AND(E42>2,E42<=10),F.M!$D$29,F.M!$D$17)) -> 1.816 | S42: =(P42*D42)*R42 -> 11852840 | T42: =S42 -> 11852840
A43: Personal Auxiliar Técnico - Cadenero 2 | B43: 1 | D43: =+D39 -> 2405497 | E43: =+D43/$B$10 -> 1.3738592 | F43: 0.2 | G43: 0.2 | H43: 0.2 | I43: 0.2 | J43: 0.2 | K43: 0.2 | L43: 0.2 | M43: 0.2 | N43: 0.2 | O43: 0.2 | P43: =+SUM(F43:O43)*B43 -> 2 | Q43: =P43 -> 2 | R43: =+IF(E43>10,F.M!$D$41,IF(AND(E43>2,E43<=10),F.M!$D$29,F.M!$D$17)) -> 1.816 | S43: =(P43*D43)*R43 -> 8736765.1 | T43: =S43 -> 8736765.1
A44: OTRO PERSONAL
A45: Personal Auxiliar Técnico - Conductor o Motorista | B45: 1 | D45: 1750905 | E45: =+D45/$B$10 -> 1 | F45: 0.4 | G45: 0.4 | H45: 0.4 | I45: 0.4 | J45: 0.4 | K45: 0.4 | L45: 0.4 | M45: 0.4 | N45: 0.4 | O45: 0.4 | P45: =+SUM(F45:O45)*B45 -> 4 | Q45: =P45 -> 4 | R45: =+IF(E45>10,F.M!$D$41,IF(AND(E45>2,E45<=10),F.M!$D$29,F.M!$D$17)) -> 1.816 | S45: =(P45*D45)*R45 -> 12718574 | T45: =S45 -> 12718574
A46: SUBTOTAL | T46: =+SUM(T14:T45) -> 5.998436e+08
A47: IVA | T47: =+T46*0.19 -> 1.1397028e+08
A48: SUBTOTAL 1 INCLUYE IVA | T48: =+T46+T47 -> 7.1381389e+08
A50: Costos Operacionales - INCLUYE IVA
A51: ALQUILER EQUIPO, SUMINISTROS Y OTROS ELEMENTOS | B51: CANTIDAD | C51: UNIDAD | D51: COSTO UNITARIO CON IVA | F51: MES 1 | G51: MES 2 | H51: MES 3 | I51: MES 4 | J51: MES 5 | K51: MES 6 | L51: MES 7 | M51: MES 8 | N51: MES 9 | O51: MES 10 | P51: TOTAL DEDICACIÓN FASE EJECUCIÓN | Q51: TOTAL DEDICACIÓN | R51: FACTOR MULTIPLICADOR | S51: COSTO TOTAL HOMBRES ACTIVIDADES FASE EJECUCIÓN | T51: COSTO TOTAL HOMBRES ACTIVIDADES CONTRATO
A52: ALQUILER MES - CAMPERO PICK-UP, CAMIONETA DE 1300-2000cc - MODELO 2018 O SUPERIOR | B52: 1 | C52: MES | D52: 6688696 | E52: =+D52/$B$10 -> 3.8201364 | F52: 0.4 | G52: 0.4 | H52: 0.4 | I52: 0.4 | J52: 0.4 | K52: 0.4 | L52: 0.4 | M52: 0.4 | N52: 0.4 | O52: 0.4 | P52: =+SUM(F52:O52) -> 4 | Q52: =P52 -> 4 | R52: 1 | S52: =B52*(P52*D52)*R52 -> 26754784 | T52: =S52 -> 26754784
A53: ARRENDAMIENTO DE OFICINA (INCLUYE SERVICIOS PUBLICOS, COMUNICACIONES) | B53: 50 | C53: M2/MES | D53: 62008.66 | F53: 1 | G53: 1 | H53: 1 | I53: 1 | J53: 1 | K53: 1 | L53: 1 | M53: 1 | N53: 1 | O53: 1 | P53: =+SUM(F53:O53) -> 10 | Q53: =P53 -> 10 | R53: 1 | S53: =B53*(P53*D53)*R53 -> 31004330 | T53: =S53 -> 31004330
A54: ALQUILER DE ESCRITORIO-ESTACIÓN DE TRABAJO- CON CAJONES/CAJONERA | B54: 8 | C54: UN/MES | D54: 25362.715 | F54: 1 | G54: 1 | H54: 1 | I54: 1 | J54: 1 | K54: 1 | L54: 1 | M54: 1 | N54: 1 | O54: 1 | P54: =+SUM(F54:O54) -> 10 | Q54: =P54 -> 10 | R54: 1 | S54: =B54*(P54*D54)*R54 -> 2029017.2 | T54: =S54 -> 2029017.2
A55: ALQUILER SILLAS OFICINA GIRATORIA CON ESPALDAR Y BRAZOS | B55: 8 | C55: UN/MES | D55: 25756.976 | F55: 1 | G55: 1 | H55: 1 | I55: 1 | J55: 1 | K55: 1 | L55: 1 | M55: 1 | N55: 1 | O55: 1 | P55: =+SUM(F55:O55) -> 10 | Q55: =P55 -> 10 | R55: 1 | S55: =B55*(P55*D55)*R55 -> 2060558.1 | T55: =S55 -> 2060558.1
A56: ALQUILER DE PC DE ESCRITORIO - PROCESADOR i7 / AMD Ryzen 7, MEMORIA 8Gb min DD 1Tb min MONITOR 19"-24", TECLADO, MOUSE, PAQUETE BASICO OFFICE. | B56: 8 | C56: UN/MES | D56: 247918.3 | E56: =+D56/$B$10 -> 0.14159438 | F56: 0.1 | G56: 0.1 | H56: 0.1 | I56: 0.1 | J56: 0.1 | K56: 0.1 | L56: 0.1 | M56: 0.1 | N56: 0.1 | O56: 0.1 | P56: =+SUM(F56:O56) -> 1 | Q56: =P56 -> 1 | R56: 1 | S56: =B56*(P56*D56)*R56 -> 1983346.4 | T56: =S56 -> 1983346.4
A57: TARIFA MES- EDICIÓN DE INFORME MENSUAL DE INTERVENTORÍA O CONSULTORÍA. Incluye 4 tapas plastificadas tamaño carta color blanco, con 6 tornillos, hojas de papel bond tamaño carta 75 gramos, 170 folios | B57: 1 | C57: UN/MES | D57: =210924*1.051 -> 221681.12 | E57: =+D57/$B$10 -> 0.12660945 | F57: 1 | G57: 1 | H57: 1 | I57: 1 | J57: 1 | K57: 1 | L57: 1 | M57: 1 | N57: 1 | O57: 1 | P57: =+SUM(F57:O57) -> 10 | Q57: =P57 -> 10 | R57: 1 | S57: =B57*(P57*D57)*R57 -> 2216811.2 | T57: =S57 -> 2216811.2
A58: TARIFA MES- GASTOS OFICINA (PAPELERIA, FOTOCOPIAS Y OTROS) | B58: 1 | C58: GLB/MES | D58: =1008217*1.051 -> 1059636.1 | E58: =+D58/$B$10 -> 0.60519335 | F58: 0.2 | G58: 0.2 | H58: 0.2 | I58: 0.2 | J58: 0.2 | K58: 0.2 | L58: 0.2 | M58: 0.2 | N58: 0.2 | O58: 0.2 | P58: =+SUM(F58:O58) -> 2 | Q58: =P58 -> 2 | R58: 1 | S58: =B58*(P58*D58)*R58 -> 2119272.1 | T58: =S58 -> 2119272.1
A59: PLAN VOZ ILIMITADO Y DATOS MOVILES 40Gb minimo | B59: 2 | C59: GLB/MES | D59: 45377.01 | F59: 1 | G59: 1 | H59: 1 | I59: 1 | J59: 1 | K59: 1 | L59: 1 | M59: 1 | N59: 1 | O59: 1 | P59: =+SUM(F59:O59) -> 10 | Q59: =P59 -> 10 | R59: 1 | S59: =B59*(P59*D59)*R59 -> 907540.2 | T59: =S59 -> 907540.2
A60: TELEFONO MOVIL CON CAMARA DE 13 Mpx - NAVEGACION RED 4G LTE - MEMORIA INTERNA 32Gb MINIMO | B60: 2 | C60: UNIDAD | D60: 394507.28 | F60: 1 | G60: 1 | H60: 1 | I60: 1 | J60: 1 | K60: 1 | L60: 1 | M60: 1 | N60: 1 | O60: 1 | P60: =+SUM(F60:O60) -> 10 | Q60: =P60 -> 10 | R60: 1 | S60: =B60*(P60*D60)*R60 -> 7890145.6 | T60: =S60 -> 7890145.6
A61: ALQUILER FLEXOMETRO 5M | B61: 5 | C61: UN/MES | D61: 2278.892 | F61: 1 | G61: 1 | H61: 1 | I61: 1 | J61: 1 | K61: 1 | L61: 1 | M61: 1 | N61: 1 | O61: 1 | P61: =+SUM(F61:O61) -> 10 | Q61: =P61 -> 10 | R61: 1 | S61: =B61*(P61*D61)*R61 -> 113944.6 | T61: =S61 -> 113944.6
A62: ALQUILER CINTA METRICA 30M | B62: 1 | C62: UN/MES | D62: 11220.055 | F62: 1 | G62: 1 | H62: 1 | I62: 1 | J62: 1 | K62: 1 | L62: 1 | M62: 1 | N62: 1 | O62: 1 | P62: =+SUM(F62:O62) -> 10 | Q62: =P62 -> 10 | R62: 1 | S62: =B62*(P62*D62)*R62 -> 112200.55 | T62: =S62 -> 112200.55
A63: Subtotal 2 (Subtotal Costos Operacionales) - INCLUYE IVA | T63: =+SUM(T52:T62) -> 77191950
A65: (Subtotal Proyecto): Valor Básico Personal + Subtotal Costos Operacionales ( 1 + 2 ) | T65: =+T46+T63 -> 6.7703555e+08
A67: 3. VALOR BASICO PARA ELEMENTOS PARA SALUD Y SEGURIDAD EN EL TRABAJO INCLUYE IVA | B67: CANTIDAD | C67: UNIDAD | D67: COSTO UNITARIO (IVA Incluido) | F67: MES 1 | G67: MES 2 | H67: MES 3 | I67: MES 4 | J67: MES 5 | K67: MES 6 | L67: MES 7 | M67: MES 8 | N67: MES 9 | O67: MES 10 | P67: TOTAL DEDICACIÓN FASE EJECUCIÓN | Q67: TOTAL DEDICACIÓN | R67: FACTOR MULTIPLICADOR | S67: COSTO TOTAL ACTIVIDADES FASE EJECUCIÓN | T67: COSTO TOTAL ACTIVIDADES CONTRATO
A68: CHALECO EN DRILL MULTIBOLSILLOS CON CINTA REFLECTIVA-CON LOGOS | B68: 9 | C68: UN | D68: 69631 | P68: 1 | Q68: =P68 -> 1 | R68: 1 | S68: =B68*(P68*D68)*R68 -> 626679 | T68: =S68 -> 626679
A69: CHAQUETA ROMPEVIENTOS IMPERMEABLE CON CINTA REFELECTIVA-CON LOGOS | B69: 9 | C69: UN | D69: 133502.27 | P69: 1 | Q69: =P69 -> 1 | R69: 1 | S69: =B69*(P69*D69)*R69 -> 1201520.4 | T69: =S69 -> 1201520.4
A70: BOTA DE SEGURIDAD-DIELECTRICA-PUNTA COMPOSITE | B70: 9 | C70: PAR | D70: 231025.32 | P70: 1 | Q70: =P70 -> 1 | R70: 1 | S70: =B70*(P70*D70)*R70 -> 2079227.9 | T70: =S70 -> 2079227.9
A71: LENTES DE SEGURIDAD - LENTE CLARO ANTIEMPAÑANTE | B71: 9 | C71: UN | D71: 12504.31 | P71: 1 | Q71: =P71 -> 1 | R71: 1 | S71: =B71*(P71*D71)*R71 -> 112538.79 | T71: =S71 -> 112538.79
A72: GUANTES POLIESTER NITRILO | B72: 9 | C72: PAR | D72: 7135.807 | P72: 1 | Q72: =P72 -> 1 | R72: 1 | S72: =B72*(P72*D72)*R72 -> 64222.263 | T72: =S72 -> 64222.263
A73: EXAMENES OCUPACIONALES
A74: EXÁMEN MÉDICO OCUPACIONAL DE INGRESO O RETIRO | B74: 42 | C74: UN | D74: 31710 | P74: 1 | Q74: =P74 -> 1 | R74: 1 | S74: =B74*(P74*D74)*R74 -> 1331820 | T74: =S74 -> 1331820
A75: EXAMEN DE AUDIOMETRÍA DE INGRESO O EGRESO | B75: 42 | C75: UN | D75: 26425 | P75: 1 | Q75: =P75 -> 1 | R75: 1 | S75: =B75*(P75*D75)*R75 -> 1109850 | T75: =S75 -> 1109850
A76: EXAMEN DE OPTOMETRÍA DE INGRESO O EGRESO | B76: 42 | C76: UN | D76: 27059.2 | P76: 1 | Q76: =P76 -> 1 | R76: 1 | S76: =B76*(P76*D76)*R76 -> 1136486.4 | T76: =S76 -> 1136486.4
A77: EXAMEN DE ESPIROMETRÍA DE INGRESO O EGRESO | B77: 42 | C77: UN | D77: 31710 | P77: 1 | Q77: =P77 -> 1 | R77: 1 | S77: =B77*(P77*D77)*R77 -> 1331820 | T77: =S77 -> 1331820
A78: SUBTOTAL 3 (Subtotal proyecto) - INCLUYE IVA | T78: =+SUM(T68:T77) -> 8994164.8
A81: VR. TOTAL BASICO DE PERSONAL, COSTOS OPERACIONALES, SEGURIDAD Y SALUD EN EL TRABAJO 1 + 2 + 3 + 4 ) | T81: =+T48+T63+T78 -> 800000000
A82: VALOR TOTAL PRESUPUESTO

Sheet PERSONALMIN
B3: 1.CARGO | C3: DIRECTOR DE INTERVENTORÍA
B4: FORMACIÓN ACADÉMICA | C4: Profesión: Ingeniero Civil o de Vías y Transportes o arquitecto, con tarjeta profesional vigente.
B5: EXPERIENCIA | C5: Experiencia profesional de siete (7) años y experiencia profesional específica de cinco (5) años. La experiencia profesional específica debe ser como coordinador general o director o gerente de contratos de: interventoría a la construcción o interventoría al mantenimiento o interventoría al mejoramiento o interventoría a la adecuación de infraestructura.
B6: 2.CARGO | C6: RESIDENTE DE OBRA
B7: FORMACIÓN ACADÉMICA | C7: Ingeniero civil o arquitecto con matrícula profesional vigente.
B8: EXPERIENCIA | C8: Experiencia profesional general de cuatro (4) años y experiencia profesional específica de tres (3) años en construcción o mantenimiento o mejoramiento o adecuación de infraestructura.
B9: 3.CARGO | C9: INGENIERO DE PROGRAMACIÓN Y SEGUIMIENTO
B10: FORMACIÓN ACADÉMICA | C10: Ingeniero civil o eléctrico o de sistemas o mecánico o de producción o industrial con matrícula profesional vigente.
B11: EXPERIENCIA | C11: Experiencia profesional general de tres (3) años y experiencia profesional específica mínima de dos (2) años como programador de proyectos, director o coordinador o encargado general de logística en empresas de producción de bienes o prestación de servicios, coordinador o director de procesos licitatorios.
B12: 4.CARGO | C12: ABOGADO
B13: FORMACIÓN ACADÉMICA | C13: Profesión: Abogado, con tarjeta profesional vigente.
B14: EXPERIENCIA | C14: Experiencia profesional general de tres (3) años y experiencia profesional específica mínima de dos (2) años como abogado en contratación estatal.
... B44: EXPERIENCIA | C44: Profesional con experiencia en componente social en proyectos de consultoría/o construcción o Interventoría de estudios y diseños en infraestructura vial urbana o interurbana con espacio público asociado de la malla vial troncal, principal o secundaria.

Sheet TARIFAS M.O
B1: SECRETARIA DISTRITAL DE MOVILIDAD
B2: TRANSMILENIO S.A
B3: TARIFAS DE PERSONAL - ANALISIS DE FACTOR PRESTACIONAL PARA PERSONAL EXPERTO, PROFESIONAL, NO PROFESIONAL, TECNICO Y ADMINISTRATIVO PARA ESTRUCTURACIÓN DE PROCESOS DE CONTRATACIÓN
A4: TARIFAS 2024
D6: SMLMV | F6: 1300000 | G6: # SMMLV | J6: FACTOR PRESTACIONAL DE REFERENCIA
B7: CODIGO IDU-TM | C7: COD-TM | D7: PERFIL | E7: SALARIO CON PRESTACIONES-PERSONAS RESPONSABLES DE IVA | F7: SALARIO CON PRESTACIONES | H7: SALARIO SIN PRESTACIONES-PERSONAS RESPONSABLES DE IVA | I7: SALARIO SIN PRESTACIONES | J7: CALENDARIO SIN EXTRAS | K7: CALENDARIO CON EXTRAS | L7: CALENDARIO NOCTURNO/NOCTURNO PARCIAL
A9: PERSONAL PROFESIONAL | B9: PROF-001 | C9: M.O-1046 | D9: Categoría 1 - terminación de materias de educación superior sin título. | E9: N.A. | F9: 3981000 | H9: N.A. | I9: =ROUND(F9/J9,0) -> 2749436 | J9: 1.4479333 | L9: 1.7424
B10: PROF-002 | C10: M.O-1031 | D10: Categoría 2 - titulo de formación profesional sin experiencia | E10: N.A. | F10: 5305467 | H10: N.A. | I10: =ROUND(F10/J10,0) -> 3664165 | J10: 1.4479333 | L10: 1.7424
B11: PROF-003 | C11: M.O-1032 | D11: Categoría 3 - titulo de formación profesional y seis (6) meses de experiencia | E11: N.A. | F11: 5632102 | H11: N.A. | I11: =ROUND(F11/J11,0) -> 3889752 | J11: 1.4479333 | L11: 1.6303
B12: PROF-004 | C12: M.O-1033 | D12: Categoría 4 - titulo de formación profesional y un (1) año de experiencia | E12: N.A. | F12: 6060216 | H12: N.A. | I12: =ROUND(F12/J12,0) -> 4185425 | J12: 1.4479333 | L12: 1.6297
B13: PROF-005 | C13: M.O-1034 | D13: Categoría 5 - titulo de formación profesional y dos (2) años de experiencia | E13: N.A. | F13: 6818140 | H13: N.A. | I13: =ROUND(F13/J13,0) -> 4708877 | J13: 1.4479333 | L13: 1.629
B14: PROF-006 | C14: M.O-1035 | D14: Categoría 6 - titulo de formación profesional y tres (3) años de experiencia | E14: N.A. | F14: 7576064 | H14: N.A. | I14: =ROUND(F14/J14,0) -> 5232329 | J14: 1.4479333 | L14: 1.628 | N14: =+F14-I14 -> 2343735
B15: PROF-007 | C15: M.O-1036 | D15: Categoría 7 - titulo de formación profesional y cuatro (4) años de experiencia | E15: N.A. | F15: 8337162 | H15: N.A. | I15: =ROUND(F15/J15,0) -> 5757974 | J15: 1.4479333 | L15: 1.6272
B16: PROF-008 | C16: M.O-1037 | D16: Categoría 8 - titulo de formación profesional y cinco (5) años de experiencia | E16: N.A. | F16: 9091912 | H16: N.A. | I16: =ROUND(F16/J16,0) -> 6279234 | J16: 1.4479333 | L16: 1.6266
B17: PROF-009 | C17: M.O-1038 | D17: Categoría 9 - titulo de formación profesional y seis (6) años de experiencia | E17: N.A. | F17: 9846661 | H17: N.A. | I17: =ROUND(F17/J17,0) -> 6800493 | J17: 1.4479333 | L17: N/A | U17: parágrafo 3 del artículo 437 del estatuto tributario.
B18: PROF-010 | C18: M.O-1039 | D18: Categoría 10 - titulo de formación profesional y siete (7) años de experiencia | E18: N.A. | F18: 10604585 | H18: N.A. | I18: =ROUND(F18/J18,0) -> 7323946 | J18: 1.4479333 | L18: N/A | S18: UVT 2024 - RES 187 28 de Nov 2023 | T18: 47065 | U18: 3500 | V18: =T18*U18 -> 164727500
B19: PROF-011 | C19: M.O-1040 | D19: Categoría 11 - titulo de formación profesional y ocho (8) años de experiencia | E19: N.A. | F19: 12145797 | H19: N.A. | I19: =ROUND(F19/J19,0) -> 8388368 | J19: 1.4479333 | L19: N/A | R19: =F19*6 -> 72874782
B20: PROF-012 | C20: M.O-1041 | D20: Categoría 12 - titulo de formación profesional y nueve (9) años de experiencia | E20: N.A. | F20: 13170104 | H20: N.A. | I20: =ROUND(F20/J20,0) -> 9095794 | J20: 1.4479333 | L20: N/A | R20: =F20*6 -> 79020624
B21: PROF-013 | C21: M.O-1042 | D21: Categoría 13 - titulo de formación profesional y diez (10) años de experiencia | E21: =ROUND(F21*1.19,0) -> 18109622 | F21: 15218170 | H21: =ROUND(I21*1.19,0) -> 11440547 | I21: =ROUND(F21/J21,0) -> 9613905 | J21: 1.5829333 | L21: N/A | R21: =F21*6 -> 91309020
A22: PERSONAL EXPERTO | B22: ESPEC-001 | C22: M.O-1043 | D22: Categoría 14- titulo de formación profesional + titulo de posgrado (especialización, maestría o doctorado) y nueve (9) años de experiencia profesional | E22: =ROUND(F22*1.19,0) -> 20221313 | F22: 16992700 | H22: =ROUND(I22*1.19,0) -> 12774583 | I22: =ROUND(F22/J22,0) -> 10734944 | J22: 1.5829333 | L22: N/A | R22: =F22*6 -> 101956200
B23: ESPEC-003 | C23: M.O-1044 | D23: Categoría 15 - titulo de formación profesional + titulo de posgrado (especialización, maestría o doctorado) y diez (10) años de experiencia profesional | E23: =ROUND(F23*1.19,0) -> 22579905 | F23: 18974710 | H23: =ROUND(I23*1.19,0) -> 14264597 | I23: =ROUND(F23/J23,0) -> 11987056 | J23: 1.5829333 | L23: N/A | R23: =F23*6 -> 113848260
B24: ESPEC-004 | C24: M.O-1045 | D24: Categoría 16 - titulo de formación profesional + titulo de posgrado (especialización, maestría o doctorado) y once (11) años de experiencia profesional | E24: =ROUND(F24*1.19,0) -> 25211221 | F24: 21185900 | H24: =ROUND(I24*1.19,0) -> 15926901 | I24: =ROUND(F24/J24,0) -> 13383950 | J24: 1.5829333 | L24: N/A | R24: =F24*6 -> 127115400
A26: PERSONAL NO PROFESIONAL | B26: NO-PROF-001 | C26: M.O-1047 | D26: Bachiller con 6 meses de Exp. | F26: 2580000 | I26: =ROUND(F26/J26,0) -> 1624112 | J26: 1.5885608 | K26: 1.8311 | L26: 1.838
B27: NO-PROF-002 | C27: M.O-1048 | D27: Bachiller con 1 año de Exp. | F27: 2727060 | I27: =ROUND(F27/J27,0) -> 1737026 | J27: 1.5699589 | K27: 1.8311 | L27: 1.838
B28: NO-PROF-003 | C28: M.O-1049 | D28: Bachiller con 18 meses de Exp. | F28: 2892165 | I28: =ROUND(F28/J28,0) -> 1863250 | J28: 1.5522151 | K28: 1.8352 | L28: 1.8421
C29: M.O-1049-1 | D29: Bachiller con 18 meses de Exp. | F29: 2736000 | I29: =ROUND(F29/J29,0) -> 1762642 | J29: 1.5522151 | L29: 1.6924
B30: NO-PROF-004 | C30: M.O-1050 | D30: Bachiller con 2 años de Exp. | F30: =+F29 -> 2736000 | I30: =ROUND(F30/J30,0) -> 1889590 | J30: 1.4479333 | K30: 1.7983 | L30: 1.8053
C31: M.O-1050-1 | D31: Bachiller con 2 años de Exp. | F31: 2892165 | I31: =ROUND(F31/J31,0) -> 1997443 | J31: 1.4479333 | L31: 1.6556
B32: NO-PROF-005 | C32: M.O-1051 | D32: Dos semestres de Educación Sup. | F32: =+F31 -> 2892165 | I32: =ROUND(F32/J32,0) -> 1997443 | J32: 1.4479333 | K32: 1.7849 | L32: 1.7919
C33: M.O-1051-A | D33: Dos semestres de Educación Sup. | F33: =+F32 -> 2892165 | I33: =ROUND(F33/J33,0) -> 1997443 | J33: 1.4479333 | L33: 1.6421
B34: NO-PROF-006 | C34: M.O-1052 | D34: Cuatro semestres de Educación Sup. | F34: 3234000 | I34: =ROUND(F34/J34,0) -> 2233528 | J34: 1.4479333 | K34: 1.7703 | L34: 1.7772
C35: M.O-1052-1 | D35: Cuatro semestres de Educación Sup. | F35: =F34 -> 3234000 | I35: =ROUND(F35/J35,0) -> 2233528 | J35: 1.4479333 | L35: 1.6274
B36: NO-PROF-007 | C36: M.O-1053 | D36: Seis semestres de Educación Sup. | F36: 3483000 | I36: =ROUND(F36/J36,0) -> 2405497 | J36: 1.4479333 | K36: 1.7579 | L36: 1.7648
C37: M.O-1053-1 | D37: Seis semestres de Educación Sup. | F37: =F36 -> 3483000 | I37: =ROUND(F37/J37,0) -> 2405497 | J37: 1.4479333 | L37: 1.6151
B38: NO-PROF-008 | C38: M.O-1054 | D38: Ocho semestres de Educación Sup. | F38: 3732000 | I38: =ROUND(F38/J38,0) -> 2577467 | J38: 1.4479333 | K38: 1.7473 | L38: 1.7543
C39: M.O-1054-1 | D39: Ocho semestres de Educación Sup. | F39: =F38 -> 3732000 | I39: =ROUND(F39/J39,0) -> 2577467 | J39: 1.4479333 | L39: 1.6046
A40: PERSONAL TECNICO | B40: 9473 | C40: M.O-1056 | D40: Tecnólogo en áreas de Ingeniería | F40: 4725253 | I40: =ROUND(F40/J40,0) -> 3263447 | J40: 1.4479333 | K40: 1.6231 | L40: 1.63 | N40: =+I40*J40 -> 4725253.7
C41: M.O-1056-1 | D41: Tecnólogo en áreas de Ingeniería nocturno | F41: =F40 -> 4725253 | I41: =ROUND(F41/L41,0) -> 2896440 | J41: 1.4479333 | K41: 1.6244 | L41: 1.6314
B42: 9474 | C42: M.O-1057 | D42: Auxiliar de Ingeniería | F42: 4157662 | I42: =ROUND(F42/J42,0) -> 2871446 | J42: 1.4479333 | K42: 1.6252 | L42: 1.6321
B43: TEC-A | C43: M.O-1058 | D43: Técnico + 2 años Exp. Especifica en el cargo | F43: 2676630 | I43: =ROUND(F43/J43,0) -> 1848586 | J43: 1.4479333 | L43: 1.4601 | N43: =(3419129*9.22%)+2361386 -> 2676629.7
C44: M.O-1058-1 | D44: Técnico + 2 años Exp. Especifica en el cargo | F44: =+F43 -> 2676630 | I44: =ROUND(F44/J44,0) -> 1848586 | J44: 1.4479333 | L44: 1.5169
A45: PERSONAL ADMINISTRATIVO | B45: 9485 | C45: M.O-1070 | D45: Administrador | F45: 4587698 | G45: 2 | I45: =ROUND($F$6*G45,0) -> 2600000 | J45: 1.4479333 | K45: 1.7243 | L45: 1.7312
B46: 9486 | C46: M.O-1071 | D46: Auxiliar Administrativo | F46: 3514259 | G46: 1.75 | I46: =ROUND($F$6*G46,0) -> 2275000 | J46: 1.4479333 | K46: 1.7402 | L46: 1.7471
B47: 9487 | C47: M.O-1072 | D47: Secretaria 1 | F47: 2907576 | G47: =+F47/$F$6 -> 2.2365969 | I47: =ROUND(F47/J47,0) -> 2008087 | J47: 1.4479333 | K47: 1.8356 | L47: 1.8425
A48: PERSONAL AUXILIAR TECNICO | B48: 9491 | C48: M.O-1076 | D48: Conductor | F48: 2463060 | G48: =+F48/$F$6 -> 1.8946615 | I48: =ROUND(F48/J48,0) -> 1595604 | J48: 1.543654 | K48: 1.8356 | L48: 1.8425
A49: PERSONAL DE OBRA | B49: 9492 | C49: M.O-1077 | D49: Maestro de Obra | F49: 5679440 | G49: 3 | I49: =ROUND($F$6*G49,0) -> 3900000 | K49: 1.6214 | L49: 1.6283
B50: 9493 | C50: M.O-1078 | D50: Oficial | F50: 3088567 | G50: 1.5 | I50: =ROUND($F$6*G50,0) -> 1950000 | J50: 1.4479333 | K50: 1.7584 | L50: 1.7654
B51: 9424 | C51: M.O-1079 | D51: Ayudante | F51: 2147411 | G51: 1 | I51: =ROUND($F$6*G51,0) -> 1300000 | J51: 1.4479333 | K51: 1.8311 | L51: 1.838
B52: T003 | C52: M.O-1080 | D52: Plomero-Electricista | F52: 3559147 | G52: 1.75 | I52: =ROUND($F$6*G52,0) -> 2275000 | J52: 1.5689642 | K52: 1.7377 | L52: 1.7446
B53: TEC-01 | C53: M.O-1081 | D53: Tecnico especializado | F53: 4432669 | G53: 2 | I53: =ROUND($F$6*G53,0) -> 2600000 | J53: 1.4479333 | K53: 1.7221 | L53: 1.729
B54: T004 | C54: M.O-1082 | D54: Operario | F54: 4029725 | G54: 2 | I54: =ROUND($F$6*G54,0) -> 2600000 | J54: 1.4479333 | K54: 1.7221 | L54: 1.729
J55: 1.4479333
A56: Celaduria | B56: 9575 | C56: M.O-1083 | D56: Celador Armado 24 horas * (24 HORAS POR 30 DÍAS DIVIDIDOS EN 3 TURNOS DE 8 HORAS DIARIAS. INCLUYE PRESTACIONES DE LEY, ADMINISTRACIÓN Y SERVICIOS) CELADURÍA PARA TRES (3) TURNOS | F56: 12964464
F58: SALARIO BASICO MENSUAL | I58: SALARIO MENSUAL CON RECARGO NOCTURNO | J58: SALARIO BASICO MENSUAL CON RECARGO NOCTURNO (APLICA ANTES DE F.M)
A59: PERSONAL PROFESIONAL | C59: M.O-1033-A | D59: =D12 -> Categoría 4 - titulo de formación profesional y un (1) año de experiencia | F59: =I12 -> 4185425 | I59: =ROUND(F59*L12,0) -> 6820987 | J59: =ROUND(I59/J12,0) -> 4710843
C60: M.O-1034-A | D60: =D13 -> Categoría 5 - titulo de formación profesional y dos (2) años de experiencia | F60: =I13 -> 4708877 | I60: =ROUND(F60*L13,0) -> 7670761 | J60: =ROUND(I60/J13,0) -> 5297731
C61: M.O-1035-A | D61: =D14 -> Categoría 6 - titulo de formación profesional y tres (3) años de experiencia | F61: =I14 -> 5232329 | I61: =ROUND(F61*L14,0) -> 8518232 | J61: =ROUND(I61/J14,0) -> 5883028
C62: M.O-1036-A | D62: =D15 -> Categoría 7 - titulo de formación profesional y cuatro (4) años de experiencia | F62: =I15 -> 5757974 | I62: =ROUND(F62*L15,0) -> 9369375 | J62: =ROUND(I62/J15,0) -> 6470861
C63: M.O-1037-A | D63: =D16 -> Categoría 8 - titulo de formación profesional y cinco (5) años de experiencia | F63: =I16 -> 6279234 | I63: =ROUND(F63*L16,0) -> 10213802 | J63: =ROUND(I63/J16,0) -> 7054055
A64: PERSONAL NO PROFESIONAL | B64: NO-PROF-001 | C64: M.O-1047-A | D64: Bachiller con 6 meses de Exp. | F64: =I26 -> 1624112 | I64: =ROUND(F64*L26,0) -> 2985118 | J64: =ROUND(I64/J26,0) -> 1879134
B65: NO-PROF-002 | C65: M.O-1048-A | D65: Bachiller con 1 año de Exp. | F65: =I27 -> 1737026 | I65: =ROUND(F65*L27,0) -> 3192654 | J65: =ROUND(I65/J27,0) -> 2033591
B66: NO-PROF-003 | C66: M.O-1049-A | D66: Bachiller con 18 meses de Exp. | F66: =I28 -> 1863250 | I66: =ROUND(F66*L28,0) -> 3432293 | J66: =ROUND(I66/J28,0) -> 2211223
C67: M.O-1049-B | D67: Bachiller con 18 meses de Exp. | F67: =I29 -> 1762642 | I67: =ROUND(F67*L29,0) -> 2983095 | J67: =ROUND(I67/J29,0) -> 1921831
B68: NO-PROF-004 | C68: M.O-1050-A | D68: Bachiller con 2 años de Exp. | F68: =I30 -> 1889590 | I68: =ROUND(F68*L30,0) -> 3411277 | J68: =ROUND(I68/J30,0) -> 2355963
C69: M.O-1050-B | D69: Bachiller con 2 años de Exp. | F69: =I31 -> 1997443 | I69: =ROUND(F69*L31,0) -> 3306967 | J69: =ROUND(I69/J31,0) -> 2283922
B70: NO-PROF-005 | C70: M.O-1051-A | D70: Dos semestres de Educación Sup. | F70: =I32 -> 1997443 | I70: =ROUND(F70*L32,0) -> 3579218 | J70: =ROUND(I70/J32,0) -> 2471949
C71: M.O-1051-B | D71: Dos semestres de Educación Sup. | F71: =I33 -> 1997443 | I71: =ROUND(F71*L33,0) -> 3280001 | J71: =ROUND(I71/J33,0) -> 2265298
B72: NO-PROF-006 | C72: M.O-1052-A | D72: Cuatro semestres de Educación Sup. | F72: =I34 -> 2233528 | I72: =ROUND(F72*L34,0) -> 3969426 | J72: =ROUND(I72/J34,0) -> 2741443
C73: M.O-1052-B | D73: Cuatro semestres de Educación Sup. | F73: =I35 -> 2233528 | I73: =ROUND(F73*L35,0) -> 3634843 | J73: =ROUND(I73/J35,0) -> 2510366
B74: NO-PROF-007 | C74: M.O-1053-A | D74: Seis semestres de Educación Sup. | F74: =I36 -> 2405497 | I74: =ROUND(F74*L36,0) -> 4245221 | J74: =ROUND(I74/J36,0) -> 2931917
C75: M.O-1053-B | D75: Seis semestres de Educación Sup. | F75: =I37 -> 2405497 | I75: =ROUND(F75*L37,0) -> 3885118 | J75: =ROUND(I75/J37,0) -> 2683216
B76: NO-PROF-008 | C76: M.O-1054-A | D76: Ocho semestres de Educación Sup. | F76: =I38 -> 2577467 | I76: =ROUND(F76*L38,0) -> 4521650 | J76: =ROUND(I76/J38,0) -> 3122830
C77: M.O-1054-B | D77: Ocho semestres de Educación Sup. | F77: =I39 -> 2577467 | I77: =ROUND(F77*L39,0) -> 4135804 | J77: =ROUND(I77/J39,0) -> 2856350
A78: PERSONAL TECNICO | B78: 9084 | C78: M.O-1056-A | D78: Tecnólogo en áreas de Ingeniería | F78: =I40 -> 3263447 | I78: =ROUND(F78*L40,0) -> 5319419 | J78: =ROUND(I78/J40,0) -> 3673801
B79: 9085 | C79: M.O-1057-A | D79: Auxiliar de Ingeniería | F79: =I42 -> 2871446 | I79: =ROUND(F79*L42,0) -> 4686487 | J79: =ROUND(I79/J42,0) -> 3236673
B80: TEC-A | C80: M.O-1058-A | D80: Técnico + 2 años Exp. Especifica en el cargo | F80: =I43 -> 1848586 | I80: =ROUND(F80*L43,0) -> 2699120 | J80: =ROUND(I80/J43,0) -> 1864119
C81: M.O-1058-B | D81: Técnico + 2 años Exp. Especifica en el cargo | F81: =I44 -> 1848586 | I81: =ROUND(F81*L44,0) -> 2804120 | J81: =ROUND(I81/J44,0) -> 1936636
C82: M.O-1058-C | D82: Técnico + 2 años Exp. Especifica en el cargo
A84: PERSONAL ADMINISTRATIVO | B84: 9102 | C84: M.O-1070-A | D84: Administrador | F84: 2170000 | I84: =ROUND(F84*L45,0) -> 3756704 | J84: =ROUND(I84/J45,0) -> 2594528
B85: 9103 | C85: M.O-1071-A | D85: Auxiliar Administrativo | F85: 1898750 | I85: =ROUND(F85*L46,0) -> 3317306 | J85: =ROUND(I85/J46,0) -> 2291063
B86: 9104 | C86: M.O-1072-A | D86: Secretaria 1 | F86: 1085000 | I86: =ROUND(F86*L47,0) -> 1999113 | J86: =ROUND(I86/J47,0) -> 1380666
A87: PERSONAL AUXILIAR TECNICO | B87: 9100 | C87: M.O-1076-A | D87: Conductor | F87: 1085000 | I87: =ROUND(F87*L48,0) -> 1999113 | J87: =ROUND(I87/J48,0) -> 1295053
C90: COD-TM | D90: PERFIL | F90: SALARIO CON PRESTACIONES | I90: JORNADA / DIA -TURNO DIURNO
A91: PERSONAL NO PROFESIONAL | C91: M.O-1084 | D91: Bachiller con 6 meses de Exp. | F91: JORNADA | I91: =ROUND((I26*J26)/24,0) -> 107500
C92: M.O-1085 | D92: Bachiller con 1 año de Exp. | F92: JORNADA | I92: =ROUND((I27*J27)/24,0) -> 113627
C93: M.O-1086 | D93: Bachiller con 18 meses de Exp. | F93: JORNADA | I93: =ROUND((I28*J28)/24,0) -> 120507
C94: M.O-1087 | D94: Bachiller con 2 años de Exp. | F94: JORNADA | I94: =ROUND((I30*J30)/24,0) -> 114000
C95: M.O-1088 | D95: Dos semestres de Educación Sup. | F95: JORNADA | I95: =ROUND((I32*J32)/24,0) -> 120507
C96: M.O-1089 | D96: Cuatro semestres de Educación Sup. | F96: JORNADA | I96: =ROUND((I34*J34)/24,0) -> 134750
C97: M.O-1090 | D97: Seis semestres de Educación Sup. | F97: JORNADA | I97: =ROUND((I36*J36)/24,0) -> 145125
C98: M.O-1091 | D98: Ocho semestres de Educación Sup. | F98: JORNADA | I98: =ROUND((I38*J38)/24,0) -> 155500
C99: M.O-1092 | D99: Terminación de materias de Educación Sup. Sin titulo | F99: JORNADA | I99: =ROUND((I9*J9)/24,0) -> 165875
A100: PERSONAL TECNICO | C100: M.O-1093 | D100: Tecnólogo en áreas de Ingeniería | F100: JORNADA | I100: =ROUND((I40*J40)/24,0) -> 196886
C101: M.O-1094 | D101: Auxiliar de Ingeniería | F101: JORNADA | I101: =ROUND((I42*J42)/24,0) -> 173236
A103: PERSONAL ADMINISTRATIVO | C103: M.O-1107 | D103: Administrador | F103: JORNADA | I103: =ROUND((I45*J45)/24,0) -> 156859
C104: M.O-1108 | D104: Auxiliar Administrativo | F104: JORNADA | I104: =ROUND((I46*J46)/24,0) -> 137252
C105: M.O-1109 | D105: Secretaria 1 | F105: JORNADA | I105: =ROUND((I47*J47)/24,0) -> 121149
C106: M.O-1110 | D106: Secretaria 2 | F106: JORNADA | I106: =ROUND((I47*J47)/24,0) -> 121149
A107: PERSONAL AUXILIAR TECNICO | C107: M.O-1113 | D107: Conductor | F107: JORNADA | I107: =ROUND((I48*J48)/24,0) -> 102628
A109: PERSONAL DE OBRA | C109: M.O-1001 | D109: Maestro de Obra | F109: JORNADA | I109: =ROUND((I49*J49)/24,0) -> 0
...

Sheet F.M
B2: ALCALDÍA MAYOR DE BOGOTÁ
B3: TRANSMILENIO S.A. | N3: 0.119
B4: DIRECCIÓN TÉCNICA INFRAESTRUCTURA
B6: FACTOR MULTIPLICADOR APLICABLE A NÓMINA CONSULTOR E INTERVENTOR
B8: FM PARA SALARIOS <= 2 SMLMV | N8: 0-1500 | P8: 1501-3000 | R8: 3001-6000 | T8: 6001-10000 | V8: MAYOR A 10000
D9: 0-1500 SMLMV | F9: 1501-3000 SMLMV | H9: 3001-6000 SMLMV | J9: 6001-10000 SMLMV | L9: > 10000 SMLMV
B10: ITEM | C10: CONCEPTO | N10: 1.816 | P10: 1.8 | R10: 1.784 | T10: 1.767 | V10: 1.751
B11: 1 | C11: SALARIO BASE | D11: 1 | F11: 1 | H11: 1 | J11: 1 | L11: 1 | N11: 1 | P11: 1 | R11: 1 | T11: 1 | V11: 1
B12: 2 | C12: PRESTACIONES SOCIALES, SEGURIDAD SOCIAL, PARAFISCALES | D12: 0.539 | F12: 0.539 | H12: 0.539 | J12: 0.539 | L12: 0.539 | N12: 0.53900244 | P12: 0.53900244 | R12: 0.53900244 | T12: 0.53900244 | V12: 0.53900244
B13: 3 | C13: COSTOS DE PERFECCIONAMIENTO DEL CONTRATO (IMPUESTOS, POLIZAS Y SEGUROS): | D13: 0.041 | F13: 0.041 | H13: 0.04 | J13: 0.039 | L13: 0.039 | N13: 0.041232547 | P13: 0.040992042 | R13: 0.039889851 | T13: 0.039221924 | V13: 0.038557958
B14: 4 | C14: IMPREVISTOS 3% a 1% (Aplica sobre los items 1 y 2) | D14: 0.046 | F14: 0.038 | H14: 0.031 | J14: 0.023 | L14: 0.015 | N14: 0.046170073 | P14: 0.038475061 | R14: 0.030780049 | T14: 0.023085037 | V14: 0.015390024
B15: 5 | C15: HONORARIOS 12% a 10% (Utilidades) (Aplicado sobre los items 1, 2 y 3) | D15: 0.19 | F15: 0.182 | H15: 0.174 | J15: 0.166 | L15: 0.158 | N15: 0.1896282 | P15: 0.18169936 | R15: 0.17367815 | T15: 0.16571356 | V15: 0.15775604
C17: TOTAL FACTOR MULTIPLICADOR | D17: 1.816 | F17: 1.8 | H17: 1.784 | J17: 1.767 | L17: 1.751
B20: FM PARA SALARIOS > 2 SMLMV a =10 SMLMV
D21: 0-1500 SMLMV | F21: 1501-3000 SMLMV | H21: 3001-6000 SMLMV | J21: 6001-10000 SMLMV | L21: > 10000 SMLMV | N21: 1.724 | P21: 1.711 | R21: 1.698 | T21: 1.677 | V21: 1.657
B22: ITEM | C22: CONCEPTO | D22: FM | F22: FM | H22: FM | J22: FM | L22: FM
B23: 1 | C23: SALARIO BASE | D23: 1 | F23: 1 | H23: 1 | J23: 1 | L23: 1
B24: 2 | C24: PRESTACIONES SOCIALES, SEGURIDAD SOCIAL, PARAFISCALES | D24: 0.461 | F24: 0.461 | H24: 0.461 | J24: 0.461 | L24: 0.461 | N24: 0.46099785 | P24: 0.46099785 | R24: 0.46099785 | T24: 0.46099785 | V24: 0.46099785
B25: 3 | C25: COSTOS DE PERFECCIONAMIENTO DEL CONTRATO (IMPUESTOS, POLIZAS Y SEGUROS): | D25: 0.039 | F25: 0.038 | H25: 0.038 | J25: 0.037 | L25: 0.036 | N25: 0.038847508 | P25: 0.038186268 | R25: 0.037525327 | T25: 0.036867727 | V25: 0.036214176
B26: 4 | C26: IMPREVISTOS 3% a 1% (Aplica sobre los items 1 y 2) | D26: 0.044 | F26: 0.04 | H26: 0.03 | J26: 0.02 | L26: 0.01 | N26: 0.043829935 | P26: 0.036524946 | R26: 0.029219957 | T26: 0.021914968 | V26: 0.014609978
B27: 5 | C27: HONORARIOS 12% a 10% (Utilidades) (Aplicado sobre los items 1, 2 y 3) | D27: 0.18 | F27: 0.172 | H27: 0.169 | J27: 0.159 | L27: 0.15 | N27: 0.17998144 | P27: 0.17240617 | R27: 0.16483755 | T27: 0.15727589 | V27: 0.1497212
C29: TOTAL FACTOR MULTIPLICADOR | D29: 1.724 | F29: 1.711 | H29: 1.698 | J29: 1.677 | L29: 1.657
B32: FM PARA SALARIOS > 10 SMLMV
D33: 0-1500 SMLMV | F33: 1501-3000 SMLMV | H33: 3001-6000 SMLMV | J33: 6001-10000 SMLMV | L33: < 10000 SMLMV | N33: 1.867 | P33: 1.851 | R33: 1.836 | T33: 1.813 | V33: 1.802
B34: ITEM | C34: CONCEPTO | D34: FM | F34: FM | H34: FM | J34: FM | L34: FM
B35: 1 | C35: SALARIO BASE | D35: 1 | F35: 1 | H35: 1 | J35: 1 | L35: 1
B36: 2 | C36: PRESTACIONES SOCIALES, SEGURIDAD SOCIAL, PARAFISCALES | D36: 0.583 | F36: 0.583 | H36: 0.583 | J36: 0.583 | L36: 0.583 | N36: 0.58293333 | P36: 0.58293333 | R36: 0.58293333 | T36: 0.58293333 | V36: 0.58293333
B37: 3 | C37: COSTOS DE PERFECCIONAMIENTO DEL CONTRATO (IMPUESTOS, POLIZAS Y SEGUROS): | D37: 0.042 | F37: 0.041 | H37: 0.04 | J37: 0.04 | L37: 0.039 | N37: 0.041601545 | P37: 0.040928699 | R37: 0.040255814 | T37: 0.039586249 | V37: 0.038920719
B38: 4 | C38: IMPREVISTOS 3% a 1% (Aplica sobre los items 1 y 2) | D38: 0.047 | F38: 0.04 | H38: 0.03 | J38: 0.02 | L38: 0.02 | N38: 0.047488 | P38: 0.039573333 | R38: 0.031658667 | T38: 0.023744 | V38: 0.015829333
B39: 5 | C39: HONORARIOS 12% a 10% (Utilidades) (Aplicado sobre los items 1, 2 y 3) | D39: 0.195 | F39: 0.187 | H39: 0.183 | J39: 0.17 | L39: 0.16 | N39: 0.19494419 | P39: 0.18674413 | R39: 0.17855081 | T39: 0.17036456 | V39: 0.16218541
C41: TOTAL FACTOR MULTIPLICADOR | D41: 1.867 | F41: 1.851 | H41: 1.836 | J41: 1.813 | L41: 1.802
D46: 0.045666667 | F46: 0.039333333 | H46: 0.030333333 | J46: 0.021 | L46: 0.015
D47: 0.18833333 | F47: 0.18033333 | H47: 0.17533333 | J47: 0.165 | L47: 0.156
